%YAML 1.1
%TAG !u! tag:unity3d.com,2011:
--- !u!1 &79169202093449834
GameObject:
  m_ObjectHideFlags: 0
  m_CorrespondingSourceObject: {fileID: 0}
  m_PrefabInstance: {fileID: 0}
  m_PrefabAsset: {fileID: 0}
  serializedVersion: 6
  m_Component:
  - component: {fileID: 7668584286439250870}
  m_Layer: 0
  m_Name: RightHandIndex2
  m_TagString: Untagged
  m_Icon: {fileID: 0}
  m_NavMeshLayer: 0
  m_StaticEditorFlags: 0
  m_IsActive: 1
--- !u!4 &7668584286439250870
Transform:
  m_ObjectHideFlags: 0
  m_CorrespondingSourceObject: {fileID: 0}
  m_PrefabInstance: {fileID: 0}
  m_PrefabAsset: {fileID: 0}
  m_GameObject: {fileID: 79169202093449834}
  serializedVersion: 2
  m_LocalRotation: {x: 0.33995557, y: 0.0008129741, z: 0.002753412, w: 0.94043714}
  m_LocalPosition: {x: -0.00011587827, y: 0.02971329, z: -0.00000048594404}
  m_LocalScale: {x: 1, y: 1, z: 1}
  m_ConstrainProportionsScale: 0
  m_Children:
  - {fileID: 2665154409670651858}
  m_Father: {fileID: 2774610846318377453}
  m_LocalEulerAnglesHint: {x: 0, y: 0, z: 0}
--- !u!1 &144133320138612478
GameObject:
  m_ObjectHideFlags: 0
  m_CorrespondingSourceObject: {fileID: 0}
  m_PrefabInstance: {fileID: 0}
  m_PrefabAsset: {fileID: 0}
  serializedVersion: 6
  m_Component:
  - component: {fileID: 4108665285673919575}
  m_Layer: 0
  m_Name: RightToe_End
  m_TagString: Untagged
  m_Icon: {fileID: 0}
  m_NavMeshLayer: 0
  m_StaticEditorFlags: 0
  m_IsActive: 1
--- !u!4 &4108665285673919575
Transform:
  m_ObjectHideFlags: 0
  m_CorrespondingSourceObject: {fileID: 0}
  m_PrefabInstance: {fileID: 0}
  m_PrefabAsset: {fileID: 0}
  m_GameObject: {fileID: 144133320138612478}
  serializedVersion: 2
  m_LocalRotation: {x: 0, y: -0, z: -0, w: 1}
  m_LocalPosition: {x: -5.8949096e-11, y: 0.072200306, z: 1.1353462e-10}
  m_LocalScale: {x: 1, y: 1, z: 1}
  m_ConstrainProportionsScale: 0
  m_Children: []
  m_Father: {fileID: 5681466662770454600}
  m_LocalEulerAnglesHint: {x: 0, y: 0, z: 0}
--- !u!1 &251749597218433178
GameObject:
  m_ObjectHideFlags: 0
  m_CorrespondingSourceObject: {fileID: 0}
  m_PrefabInstance: {fileID: 0}
  m_PrefabAsset: {fileID: 0}
  serializedVersion: 6
  m_Component:
  - component: {fileID: 2632205819398979986}
  m_Layer: 0
  m_Name: LeftLeg
  m_TagString: Untagged
  m_Icon: {fileID: 0}
  m_NavMeshLayer: 0
  m_StaticEditorFlags: 0
  m_IsActive: 1
--- !u!4 &2632205819398979986
Transform:
  m_ObjectHideFlags: 0
  m_CorrespondingSourceObject: {fileID: 0}
  m_PrefabInstance: {fileID: 0}
  m_PrefabAsset: {fileID: 0}
  m_GameObject: {fileID: 251749597218433178}
  serializedVersion: 2
  m_LocalRotation: {x: -0.01872993, y: -0.000049344904, z: 0.020390298, w: 0.9996167}
  m_LocalPosition: {x: 0.0000000018653037, y: 0.40621477, z: 4.5015894e-10}
  m_LocalScale: {x: 1, y: 1, z: 1}
  m_ConstrainProportionsScale: 0
  m_Children:
  - {fileID: 7955312791496989722}
  m_Father: {fileID: 5009248609237772596}
  m_LocalEulerAnglesHint: {x: 0, y: 0, z: 0}
--- !u!1 &283354247589629078
GameObject:
  m_ObjectHideFlags: 0
  m_CorrespondingSourceObject: {fileID: 0}
  m_PrefabInstance: {fileID: 0}
  m_PrefabAsset: {fileID: 0}
  serializedVersion: 6
  m_Component:
  - component: {fileID: 1814759765846223916}
  m_Layer: 0
  m_Name: RightHandIndex4
  m_TagString: Untagged
  m_Icon: {fileID: 0}
  m_NavMeshLayer: 0
  m_StaticEditorFlags: 0
  m_IsActive: 1
--- !u!4 &1814759765846223916
Transform:
  m_ObjectHideFlags: 0
  m_CorrespondingSourceObject: {fileID: 0}
  m_PrefabInstance: {fileID: 0}
  m_PrefabAsset: {fileID: 0}
  m_GameObject: {fileID: 283354247589629078}
  serializedVersion: 2
  m_LocalRotation: {x: 0.00000023227489, y: 0.0000012527563, z: 0.00000010081378, w: 1}
  m_LocalPosition: {x: 0.0001270649, y: 0.02216295, z: -0.00000044459472}
  m_LocalScale: {x: 1, y: 1, z: 1}
  m_ConstrainProportionsScale: 0
  m_Children: []
  m_Father: {fileID: 2665154409670651858}
  m_LocalEulerAnglesHint: {x: 0, y: 0, z: 0}
--- !u!1 &380011275030442613
GameObject:
  m_ObjectHideFlags: 0
  m_CorrespondingSourceObject: {fileID: 0}
  m_PrefabInstance: {fileID: 0}
  m_PrefabAsset: {fileID: 0}
  serializedVersion: 6
  m_Component:
  - component: {fileID: 8981981253087276170}
  m_Layer: 0
  m_Name: RightHandThumb1
  m_TagString: Untagged
  m_Icon: {fileID: 0}
  m_NavMeshLayer: 0
  m_StaticEditorFlags: 0
  m_IsActive: 1
--- !u!4 &8981981253087276170
Transform:
  m_ObjectHideFlags: 0
  m_CorrespondingSourceObject: {fileID: 0}
  m_PrefabInstance: {fileID: 0}
  m_PrefabAsset: {fileID: 0}
  m_GameObject: {fileID: 380011275030442613}
  serializedVersion: 2
  m_LocalRotation: {x: 0.3539166, y: 0.09668976, z: 0.36990222, w: 0.85356104}
  m_LocalPosition: {x: -0.027821038, y: 0.026167389, z: 0.011798409}
  m_LocalScale: {x: 1, y: 1, z: 1}
  m_ConstrainProportionsScale: 0
  m_Children:
  - {fileID: 6960509196749032153}
  m_Father: {fileID: 5959036853335137123}
  m_LocalEulerAnglesHint: {x: 0, y: 0, z: 0}
--- !u!1 &546025585176559170
GameObject:
  m_ObjectHideFlags: 0
  m_CorrespondingSourceObject: {fileID: 0}
  m_PrefabInstance: {fileID: 0}
  m_PrefabAsset: {fileID: 0}
  serializedVersion: 6
  m_Component:
  - component: {fileID: 7812038685893418509}
  m_Layer: 0
  m_Name: Spine
  m_TagString: Untagged
  m_Icon: {fileID: 0}
  m_NavMeshLayer: 0
  m_StaticEditorFlags: 0
  m_IsActive: 1
--- !u!4 &7812038685893418509
Transform:
  m_ObjectHideFlags: 0
  m_CorrespondingSourceObject: {fileID: 0}
  m_PrefabInstance: {fileID: 0}
  m_PrefabAsset: {fileID: 0}
  m_GameObject: {fileID: 546025585176559170}
  serializedVersion: 2
  m_LocalRotation: {x: -0.10089806, y: -0.00000025000347, z: 0.0000038028977, w: 0.99489677}
  m_LocalPosition: {x: 6.0813645e-14, y: 0.09179367, z: -0.018812109}
  m_LocalScale: {x: 1, y: 1, z: 1}
  m_ConstrainProportionsScale: 0
  m_Children:
  - {fileID: 9042159692804240577}
  m_Father: {fileID: 4360614727476486365}
  m_LocalEulerAnglesHint: {x: 0, y: 0, z: 0}
--- !u!1 &572341454925811457
GameObject:
  m_ObjectHideFlags: 0
  m_CorrespondingSourceObject: {fileID: 0}
  m_PrefabInstance: {fileID: 0}
  m_PrefabAsset: {fileID: 0}
  serializedVersion: 6
  m_Component:
  - component: {fileID: 4914619350872326136}
  m_Layer: 0
  m_Name: RightForeArm
  m_TagString: Untagged
  m_Icon: {fileID: 0}
  m_NavMeshLayer: 0
  m_StaticEditorFlags: 0
  m_IsActive: 1
--- !u!4 &4914619350872326136
Transform:
  m_ObjectHideFlags: 0
  m_CorrespondingSourceObject: {fileID: 0}
  m_PrefabInstance: {fileID: 0}
  m_PrefabAsset: {fileID: 0}
  m_GameObject: {fileID: 572341454925811457}
  serializedVersion: 2
  m_LocalRotation: {x: 0.16790088, y: -0.0025599694, z: 0.76081824, w: 0.6268639}
  m_LocalPosition: {x: -0.000005958397, y: 0.2286758, z: -0.00011216318}
  m_LocalScale: {x: 1, y: 1, z: 1}
  m_ConstrainProportionsScale: 0
  m_Children:
  - {fileID: 5959036853335137123}
  m_Father: {fileID: 6875197189553710417}
  m_LocalEulerAnglesHint: {x: 0, y: 0, z: 0}
--- !u!1 &575546351848872531
GameObject:
  m_ObjectHideFlags: 0
  m_CorrespondingSourceObject: {fileID: 0}
  m_PrefabInstance: {fileID: 0}
  m_PrefabAsset: {fileID: 0}
  serializedVersion: 6
  m_Component:
  - component: {fileID: 1897822580034353484}
  m_Layer: 0
  m_Name: RightHandMiddle2
  m_TagString: Untagged
  m_Icon: {fileID: 0}
  m_NavMeshLayer: 0
  m_StaticEditorFlags: 0
  m_IsActive: 1
--- !u!4 &1897822580034353484
Transform:
  m_ObjectHideFlags: 0
  m_CorrespondingSourceObject: {fileID: 0}
  m_PrefabInstance: {fileID: 0}
  m_PrefabAsset: {fileID: 0}
  m_GameObject: {fileID: 575546351848872531}
  serializedVersion: 2
  m_LocalRotation: {x: 0.40516904, y: 0.0001240498, z: -0.0047606225, w: 0.9142294}
  m_LocalPosition: {x: 0.00008378444, y: 0.030413628, z: -0.00000060452135}
  m_LocalScale: {x: 1, y: 1, z: 1}
  m_ConstrainProportionsScale: 0
  m_Children:
  - {fileID: 6249065616646247507}
  m_Father: {fileID: 8880421891250259439}
  m_LocalEulerAnglesHint: {x: 0, y: 0, z: 0}
--- !u!1 &618557735055433287
GameObject:
  m_ObjectHideFlags: 0
  m_CorrespondingSourceObject: {fileID: 0}
  m_PrefabInstance: {fileID: 0}
  m_PrefabAsset: {fileID: 0}
  serializedVersion: 6
  m_Component:
  - component: {fileID: 4624801631866203273}
  m_Layer: 0
  m_Name: Weapon_Root
  m_TagString: Untagged
  m_Icon: {fileID: 0}
  m_NavMeshLayer: 0
  m_StaticEditorFlags: 0
  m_IsActive: 1
--- !u!4 &4624801631866203273
Transform:
  m_ObjectHideFlags: 0
  m_CorrespondingSourceObject: {fileID: 0}
  m_PrefabInstance: {fileID: 0}
  m_PrefabAsset: {fileID: 0}
  m_GameObject: {fileID: 618557735055433287}
  serializedVersion: 2
  m_LocalRotation: {x: 0.9752603, y: -0.20991546, z: -0.03115848, w: 0.061902706}
  m_LocalPosition: {x: -0, y: 0, z: 0}
  m_LocalScale: {x: 1, y: 1, z: 1}
  m_ConstrainProportionsScale: 0
  m_Children:
  - {fileID: 6565433559971534983}
  m_Father: {fileID: 5959036853335137123}
  m_LocalEulerAnglesHint: {x: 0, y: 0, z: 0}
--- !u!1 &624945400503272999
GameObject:
  m_ObjectHideFlags: 0
  m_CorrespondingSourceObject: {fileID: 0}
  m_PrefabInstance: {fileID: 0}
  m_PrefabAsset: {fileID: 0}
  serializedVersion: 6
  m_Component:
  - component: {fileID: 5009248609237772596}
  m_Layer: 0
  m_Name: LeftUpLeg
  m_TagString: Untagged
  m_Icon: {fileID: 0}
  m_NavMeshLayer: 0
  m_StaticEditorFlags: 0
  m_IsActive: 1
--- !u!4 &5009248609237772596
Transform:
  m_ObjectHideFlags: 0
  m_CorrespondingSourceObject: {fileID: 0}
  m_PrefabInstance: {fileID: 0}
  m_PrefabAsset: {fileID: 0}
  m_GameObject: {fileID: 624945400503272999}
  serializedVersion: 2
  m_LocalRotation: {x: 0.000557532, y: -0.0054095713, z: 0.9999289, w: 0.010615664}
  m_LocalPosition: {x: -0.06800782, y: -0.050893534, z: 0.010149326}
  m_LocalScale: {x: 1, y: 1, z: 1}
  m_ConstrainProportionsScale: 0
  m_Children:
  - {fileID: 2632205819398979986}
  m_Father: {fileID: 4360614727476486365}
  m_LocalEulerAnglesHint: {x: 0, y: 0, z: 0}
--- !u!1 &708148683733985396
GameObject:
  m_ObjectHideFlags: 0
  m_CorrespondingSourceObject: {fileID: 0}
  m_PrefabInstance: {fileID: 0}
  m_PrefabAsset: {fileID: 0}
  serializedVersion: 6
  m_Component:
  - component: {fileID: 420779541300875341}
  m_Layer: 0
  m_Name: RightHandRing2
  m_TagString: Untagged
  m_Icon: {fileID: 0}
  m_NavMeshLayer: 0
  m_StaticEditorFlags: 0
  m_IsActive: 1
--- !u!4 &420779541300875341
Transform:
  m_ObjectHideFlags: 0
  m_CorrespondingSourceObject: {fileID: 0}
  m_PrefabInstance: {fileID: 0}
  m_PrefabAsset: {fileID: 0}
  m_GameObject: {fileID: 708148683733985396}
  serializedVersion: 2
  m_LocalRotation: {x: 0.22492103, y: -0.000006818617, z: -0.0022436702, w: 0.9743745}
  m_LocalPosition: {x: -0.000019320412, y: 0.028068993, z: -0.00000059665473}
  m_LocalScale: {x: 1, y: 1, z: 1}
  m_ConstrainProportionsScale: 0
  m_Children:
  - {fileID: 7180398048728153658}
  m_Father: {fileID: 4223568260048437661}
  m_LocalEulerAnglesHint: {x: 0, y: 0, z: 0}
--- !u!1 &714368151597933329
GameObject:
  m_ObjectHideFlags: 0
  m_CorrespondingSourceObject: {fileID: 0}
  m_PrefabInstance: {fileID: 0}
  m_PrefabAsset: {fileID: 0}
  serializedVersion: 6
  m_Component:
  - component: {fileID: 1389738364199370158}
  m_Layer: 0
  m_Name: LeftHandRing2
  m_TagString: Untagged
  m_Icon: {fileID: 0}
  m_NavMeshLayer: 0
  m_StaticEditorFlags: 0
  m_IsActive: 1
--- !u!4 &1389738364199370158
Transform:
  m_ObjectHideFlags: 0
  m_CorrespondingSourceObject: {fileID: 0}
  m_PrefabInstance: {fileID: 0}
  m_PrefabAsset: {fileID: 0}
  m_GameObject: {fileID: 714368151597933329}
  serializedVersion: 2
  m_LocalRotation: {x: 0.37877342, y: -0.00028268155, z: 0.003533786, w: 0.9254827}
  m_LocalPosition: {x: 0.00006444419, y: 0.02870766, z: 0.00000014985942}
  m_LocalScale: {x: 1, y: 1, z: 1}
  m_ConstrainProportionsScale: 0
  m_Children:
  - {fileID: 777544335012249609}
  m_Father: {fileID: 1072698157985126293}
  m_LocalEulerAnglesHint: {x: 0, y: 0, z: 0}
--- !u!1 &771503550647993710
GameObject:
  m_ObjectHideFlags: 0
  m_CorrespondingSourceObject: {fileID: 0}
  m_PrefabInstance: {fileID: 0}
  m_PrefabAsset: {fileID: 0}
  serializedVersion: 6
  m_Component:
  - component: {fileID: 5775598145604986203}
  m_Layer: 0
  m_Name: LeftHandIndex1
  m_TagString: Untagged
  m_Icon: {fileID: 0}
  m_NavMeshLayer: 0
  m_StaticEditorFlags: 0
  m_IsActive: 1
--- !u!4 &5775598145604986203
Transform:
  m_ObjectHideFlags: 0
  m_CorrespondingSourceObject: {fileID: 0}
  m_PrefabInstance: {fileID: 0}
  m_PrefabAsset: {fileID: 0}
  m_GameObject: {fileID: 771503550647993710}
  serializedVersion: 2
  m_LocalRotation: {x: -0.08916072, y: 0.00020403689, z: -0.056760885, w: 0.9943986}
  m_LocalPosition: {x: 0.03959915, y: 0.09965929, z: -0.0017564347}
  m_LocalScale: {x: 1, y: 1, z: 1}
  m_ConstrainProportionsScale: 0
  m_Children:
  - {fileID: 2659682286190749001}
  m_Father: {fileID: 7660523496794104303}
  m_LocalEulerAnglesHint: {x: 0, y: 0, z: 0}
--- !u!1 &928272243253101572
GameObject:
  m_ObjectHideFlags: 0
  m_CorrespondingSourceObject: {fileID: 0}
  m_PrefabInstance: {fileID: 0}
  m_PrefabAsset: {fileID: 0}
  serializedVersion: 6
  m_Component:
  - component: {fileID: 3292817407943470302}
  m_Layer: 0
  m_Name: RightHandRing4
  m_TagString: Untagged
  m_Icon: {fileID: 0}
  m_NavMeshLayer: 0
  m_StaticEditorFlags: 0
  m_IsActive: 1
--- !u!4 &3292817407943470302
Transform:
  m_ObjectHideFlags: 0
  m_CorrespondingSourceObject: {fileID: 0}
  m_PrefabInstance: {fileID: 0}
  m_PrefabAsset: {fileID: 0}
  m_GameObject: {fileID: 928272243253101572}
  serializedVersion: 2
  m_LocalRotation: {x: -0.00000028989447, y: -0.00000017556427, z: 0.00000013197966, w: 1}
  m_LocalPosition: {x: -0.0000023212083, y: 0.021856232, z: -0.00000008848481}
  m_LocalScale: {x: 1, y: 1, z: 1}
  m_ConstrainProportionsScale: 0
  m_Children: []
  m_Father: {fileID: 7180398048728153658}
  m_LocalEulerAnglesHint: {x: 0, y: 0, z: 0}
--- !u!1 &1006672602955706009
GameObject:
  m_ObjectHideFlags: 0
  m_CorrespondingSourceObject: {fileID: 0}
  m_PrefabInstance: {fileID: 0}
  m_PrefabAsset: {fileID: 0}
  serializedVersion: 6
  m_Component:
  - component: {fileID: 6559423718537981334}
  m_Layer: 0
  m_Name: Neck
  m_TagString: Untagged
  m_Icon: {fileID: 0}
  m_NavMeshLayer: 0
  m_StaticEditorFlags: 0
  m_IsActive: 1
--- !u!4 &6559423718537981334
Transform:
  m_ObjectHideFlags: 0
  m_CorrespondingSourceObject: {fileID: 0}
  m_PrefabInstance: {fileID: 0}
  m_PrefabAsset: {fileID: 0}
  m_GameObject: {fileID: 1006672602955706009}
  serializedVersion: 2
  m_LocalRotation: {x: 0.10089813, y: 1.9473557e-14, z: 2.3051523e-13, w: 0.99489677}
  m_LocalPosition: {x: 1.5225327e-14, y: 0.1405522, z: -0.00000041186033}
  m_LocalScale: {x: 1, y: 1, z: 1}
  m_ConstrainProportionsScale: 0
  m_Children:
  - {fileID: 489967129872542992}
  m_Father: {fileID: 8013983777836799826}
  m_LocalEulerAnglesHint: {x: 0, y: 0, z: 0}
--- !u!1 &1013282437975646364
GameObject:
  m_ObjectHideFlags: 0
  m_CorrespondingSourceObject: {fileID: 0}
  m_PrefabInstance: {fileID: 0}
  m_PrefabAsset: {fileID: 0}
  serializedVersion: 6
  m_Component:
  - component: {fileID: 7660523496794104303}
  m_Layer: 0
  m_Name: LeftHand
  m_TagString: Untagged
  m_Icon: {fileID: 0}
  m_NavMeshLayer: 0
  m_StaticEditorFlags: 0
  m_IsActive: 1
--- !u!4 &7660523496794104303
Transform:
  m_ObjectHideFlags: 0
  m_CorrespondingSourceObject: {fileID: 0}
  m_PrefabInstance: {fileID: 0}
  m_PrefabAsset: {fileID: 0}
  m_GameObject: {fileID: 1013282437975646364}
  serializedVersion: 2
  m_LocalRotation: {x: 0.15028036, y: 0.5460444, z: 0.1678419, w: 0.80689555}
  m_LocalPosition: {x: 0.00000076561867, y: 0.23325998, z: -0.000002223238}
  m_LocalScale: {x: 1, y: 1, z: 1}
  m_ConstrainProportionsScale: 0
  m_Children:
  - {fileID: 5775598145604986203}
  - {fileID: 7309842256154742419}
  - {fileID: 957792936773097437}
  - {fileID: 1072698157985126293}
  - {fileID: 9018025696692543126}
  m_Father: {fileID: 151598138640334091}
  m_LocalEulerAnglesHint: {x: 0, y: 0, z: 0}
--- !u!1 &1483029550521685031
GameObject:
  m_ObjectHideFlags: 0
  m_CorrespondingSourceObject: {fileID: 0}
  m_PrefabInstance: {fileID: 0}
  m_PrefabAsset: {fileID: 0}
  serializedVersion: 6
  m_Component:
  - component: {fileID: 1890824704691705119}
  m_Layer: 0
  m_Name: LeftShoulder
  m_TagString: Untagged
  m_Icon: {fileID: 0}
  m_NavMeshLayer: 0
  m_StaticEditorFlags: 0
  m_IsActive: 1
--- !u!4 &1890824704691705119
Transform:
  m_ObjectHideFlags: 0
  m_CorrespondingSourceObject: {fileID: 0}
  m_PrefabInstance: {fileID: 0}
  m_PrefabAsset: {fileID: 0}
  m_GameObject: {fileID: 1483029550521685031}
  serializedVersion: 2
  m_LocalRotation: {x: 0.67964053, y: -0.21951796, z: 0.43702373, w: 0.5467274}
  m_LocalPosition: {x: -0.075624086, y: 0.11974517, z: -0.004304484}
  m_LocalScale: {x: 1, y: 1, z: 1}
  m_ConstrainProportionsScale: 0
  m_Children:
  - {fileID: 696981165937608426}
  m_Father: {fileID: 8013983777836799826}
  m_LocalEulerAnglesHint: {x: 0, y: 0, z: 0}
--- !u!1 &1540230106653446050
GameObject:
  m_ObjectHideFlags: 0
  m_CorrespondingSourceObject: {fileID: 0}
  m_PrefabInstance: {fileID: 0}
  m_PrefabAsset: {fileID: 0}
  serializedVersion: 6
  m_Component:
  - component: {fileID: 4004242857068846510}
  m_Layer: 0
  m_Name: LeftHandPinky4
  m_TagString: Untagged
  m_Icon: {fileID: 0}
  m_NavMeshLayer: 0
  m_StaticEditorFlags: 0
  m_IsActive: 1
--- !u!4 &4004242857068846510
Transform:
  m_ObjectHideFlags: 0
  m_CorrespondingSourceObject: {fileID: 0}
  m_PrefabInstance: {fileID: 0}
  m_PrefabAsset: {fileID: 0}
  m_GameObject: {fileID: 1540230106653446050}
  serializedVersion: 2
  m_LocalRotation: {x: -0.00000013382238, y: 0.00000018303349, z: -0.00000008803597, w: 1}
  m_LocalPosition: {x: 0.00021714147, y: 0.019756192, z: 0.000000016646823}
  m_LocalScale: {x: 1, y: 1, z: 1}
  m_ConstrainProportionsScale: 0
  m_Children: []
  m_Father: {fileID: 5002694382756446927}
  m_LocalEulerAnglesHint: {x: 0, y: 0, z: 0}
--- !u!1 &1682863808868594887
GameObject:
  m_ObjectHideFlags: 0
  m_CorrespondingSourceObject: {fileID: 0}
  m_PrefabInstance: {fileID: 0}
  m_PrefabAsset: {fileID: 0}
  serializedVersion: 6
  m_Component:
  - component: {fileID: 2659682286190749001}
  m_Layer: 0
  m_Name: LeftHandIndex2
  m_TagString: Untagged
  m_Icon: {fileID: 0}
  m_NavMeshLayer: 0
  m_StaticEditorFlags: 0
  m_IsActive: 1
--- !u!4 &2659682286190749001
Transform:
  m_ObjectHideFlags: 0
  m_CorrespondingSourceObject: {fileID: 0}
  m_PrefabInstance: {fileID: 0}
  m_PrefabAsset: {fileID: 0}
  m_GameObject: {fileID: 1682863808868594887}
  serializedVersion: 2
  m_LocalRotation: {x: 0.30198222, y: 0.00003490648, z: -0.005920767, w: 0.9532952}
  m_LocalPosition: {x: 0.00008665954, y: 0.029098306, z: -0.0000000063541443}
  m_LocalScale: {x: 1, y: 1, z: 1}
  m_ConstrainProportionsScale: 0
  m_Children:
  - {fileID: 3486201247160050936}
  m_Father: {fileID: 5775598145604986203}
  m_LocalEulerAnglesHint: {x: 0, y: 0, z: 0}
--- !u!1 &1735878885324544252
GameObject:
  m_ObjectHideFlags: 0
  m_CorrespondingSourceObject: {fileID: 0}
  m_PrefabInstance: {fileID: 0}
  m_PrefabAsset: {fileID: 0}
  serializedVersion: 6
  m_Component:
  - component: {fileID: 2665154409670651858}
  m_Layer: 0
  m_Name: RightHandIndex3
  m_TagString: Untagged
  m_Icon: {fileID: 0}
  m_NavMeshLayer: 0
  m_StaticEditorFlags: 0
  m_IsActive: 1
--- !u!4 &2665154409670651858
Transform:
  m_ObjectHideFlags: 0
  m_CorrespondingSourceObject: {fileID: 0}
  m_PrefabInstance: {fileID: 0}
  m_PrefabAsset: {fileID: 0}
  m_GameObject: {fileID: 1735878885324544252}
  serializedVersion: 2
  m_LocalRotation: {x: 0.3316227, y: -0.0010717418, z: 0.0039283102, w: 0.9434033}
  m_LocalPosition: {x: -0.000011345747, y: 0.028256375, z: -0.00000049485044}
  m_LocalScale: {x: 1, y: 1, z: 1}
  m_ConstrainProportionsScale: 0
  m_Children:
  - {fileID: 1814759765846223916}
  m_Father: {fileID: 7668584286439250870}
  m_LocalEulerAnglesHint: {x: 0, y: 0, z: 0}
--- !u!1 &2039725074336175181
GameObject:
  m_ObjectHideFlags: 0
  m_CorrespondingSourceObject: {fileID: 0}
  m_PrefabInstance: {fileID: 0}
  m_PrefabAsset: {fileID: 0}
  serializedVersion: 6
  m_Component:
  - component: {fileID: 6565433559971534983}
  m_Layer: 0
  m_Name: Magazinejnt
  m_TagString: Untagged
  m_Icon: {fileID: 0}
  m_NavMeshLayer: 0
  m_StaticEditorFlags: 0
  m_IsActive: 1
--- !u!4 &6565433559971534983
Transform:
  m_ObjectHideFlags: 0
  m_CorrespondingSourceObject: {fileID: 0}
  m_PrefabInstance: {fileID: 0}
  m_PrefabAsset: {fileID: 0}
  m_GameObject: {fileID: 2039725074336175181}
  serializedVersion: 2
  m_LocalRotation: {x: 0.51217127, y: 0.5068748, z: 0.5382857, w: 0.43704355}
  m_LocalPosition: {x: -0.07137706, y: -0.27009642, z: -0.04442312}
  m_LocalScale: {x: 1, y: 1, z: 1}
  m_ConstrainProportionsScale: 0
  m_Children: []
  m_Father: {fileID: 4624801631866203273}
  m_LocalEulerAnglesHint: {x: 0, y: 0, z: 0}
--- !u!1 &2043561412845441811
GameObject:
  m_ObjectHideFlags: 0
  m_CorrespondingSourceObject: {fileID: 0}
  m_PrefabInstance: {fileID: 0}
  m_PrefabAsset: {fileID: 0}
  serializedVersion: 6
  m_Component:
  - component: {fileID: 1991802991460197640}
  - component: {fileID: 8478134422795200123}
  m_Layer: 0
  m_Name: Body
  m_TagString: Untagged
  m_Icon: {fileID: 0}
  m_NavMeshLayer: 0
  m_StaticEditorFlags: 0
  m_IsActive: 1
--- !u!4 &1991802991460197640
Transform:
  m_ObjectHideFlags: 0
  m_CorrespondingSourceObject: {fileID: 0}
  m_PrefabInstance: {fileID: 0}
  m_PrefabAsset: {fileID: 0}
  m_GameObject: {fileID: 2043561412845441811}
  serializedVersion: 2
  m_LocalRotation: {x: 0, y: -0, z: -0, w: 1}
  m_LocalPosition: {x: -0, y: 0, z: 0}
  m_LocalScale: {x: 1, y: 1, z: 1}
  m_ConstrainProportionsScale: 0
  m_Children: []
  m_Father: {fileID: 626363038498239596}
  m_LocalEulerAnglesHint: {x: 0, y: 0, z: 0}
--- !u!137 &8478134422795200123
SkinnedMeshRenderer:
  m_ObjectHideFlags: 0
  m_CorrespondingSourceObject: {fileID: 0}
  m_PrefabInstance: {fileID: 0}
  m_PrefabAsset: {fileID: 0}
  m_GameObject: {fileID: 2043561412845441811}
  m_Enabled: 1
  m_CastShadows: 1
  m_ReceiveShadows: 1
  m_DynamicOccludee: 1
  m_StaticShadowCaster: 0
  m_MotionVectors: 1
  m_LightProbeUsage: 1
  m_ReflectionProbeUsage: 1
  m_RayTracingMode: 3
  m_RayTraceProcedural: 0
  m_RenderingLayerMask: 1
  m_RendererPriority: 0
  m_Materials:
  - {fileID: 2100000, guid: 8f5c42afab7b135488b8d6815747503e, type: 2}
  m_StaticBatchInfo:
    firstSubMesh: 0
    subMeshCount: 0
  m_StaticBatchRoot: {fileID: 0}
  m_ProbeAnchor: {fileID: 0}
  m_LightProbeVolumeOverride: {fileID: 0}
  m_ScaleInLightmap: 1
  m_ReceiveGI: 1
  m_PreserveUVs: 0
  m_IgnoreNormalsForChartDetection: 0
  m_ImportantGI: 0
  m_StitchLightmapSeams: 1
  m_SelectedEditorRenderState: 3
  m_MinimumChartSize: 4
  m_AutoUVMaxDistance: 0.5
  m_AutoUVMaxAngle: 89
  m_LightmapParameters: {fileID: 0}
  m_SortingLayerID: 0
  m_SortingLayer: 0
  m_SortingOrder: 0
  serializedVersion: 2
  m_Quality: 0
  m_UpdateWhenOffscreen: 0
  m_SkinnedMotionVectors: 1
  m_Mesh: {fileID: 4300004, guid: 6cae2f82a0a62ff4ab9be3eeeda19688, type: 3}
  m_Bones:
  - {fileID: 6875197189553710417}
  - {fileID: 4914619350872326136}
  - {fileID: 5959036853335137123}
  - {fileID: 8981981253087276170}
  - {fileID: 6960509196749032153}
  - {fileID: 5780145094007422347}
  - {fileID: 2936339617840472810}
  - {fileID: 2774610846318377453}
  - {fileID: 7668584286439250870}
  - {fileID: 2665154409670651858}
  - {fileID: 1814759765846223916}
  - {fileID: 8880421891250259439}
  - {fileID: 1897822580034353484}
  - {fileID: 6249065616646247507}
  - {fileID: 9165496746034892035}
  - {fileID: 4223568260048437661}
  - {fileID: 420779541300875341}
  - {fileID: 7180398048728153658}
  - {fileID: 3292817407943470302}
  - {fileID: 3708476499036906562}
  - {fileID: 558706757341511899}
  - {fileID: 3588561935589214635}
  - {fileID: 7353239773421186086}
  - {fileID: 4624801631866203273}
  - {fileID: 0}
  - {fileID: 6565433559971534983}
  m_BlendShapeWeights: []
  m_RootBone: {fileID: 6875197189553710417}
  m_AABB:
    m_Center: {x: -0.41464657, y: 0.24362487, z: -0.032752313}
    m_Extent: {x: 0.37046242, y: 0.22094345, z: 0.25346348}
  m_DirtyAABB: 0
--- !u!1 &2114311134292074369
GameObject:
  m_ObjectHideFlags: 0
  m_CorrespondingSourceObject: {fileID: 0}
  m_PrefabInstance: {fileID: 0}
  m_PrefabAsset: {fileID: 0}
  serializedVersion: 6
  m_Component:
  - component: {fileID: 9128160931711534161}
  - component: {fileID: 4207343114785419615}
  m_Layer: 0
  m_Name: Magazine
  m_TagString: Untagged
  m_Icon: {fileID: 0}
  m_NavMeshLayer: 0
  m_StaticEditorFlags: 0
  m_IsActive: 1
--- !u!4 &9128160931711534161
Transform:
  m_ObjectHideFlags: 0
  m_CorrespondingSourceObject: {fileID: 0}
  m_PrefabInstance: {fileID: 0}
  m_PrefabAsset: {fileID: 0}
  m_GameObject: {fileID: 2114311134292074369}
  serializedVersion: 2
  m_LocalRotation: {x: -0.00012202589, y: 0.0000785888, z: 0.000000857241, w: 1}
  m_LocalPosition: {x: -0.0000443878, y: -1.2937764, z: -0.2930831}
  m_LocalScale: {x: 1, y: 1, z: 1}
  m_ConstrainProportionsScale: 0
  m_Children: []
  m_Father: {fileID: 626363038498239596}
  m_LocalEulerAnglesHint: {x: 0, y: 0, z: 0}
--- !u!137 &4207343114785419615
SkinnedMeshRenderer:
  m_ObjectHideFlags: 0
  m_CorrespondingSourceObject: {fileID: 0}
  m_PrefabInstance: {fileID: 0}
  m_PrefabAsset: {fileID: 0}
  m_GameObject: {fileID: 2114311134292074369}
  m_Enabled: 1
  m_CastShadows: 1
  m_ReceiveShadows: 1
  m_DynamicOccludee: 1
  m_StaticShadowCaster: 0
  m_MotionVectors: 1
  m_LightProbeUsage: 1
  m_ReflectionProbeUsage: 1
  m_RayTracingMode: 3
  m_RayTraceProcedural: 0
  m_RenderingLayerMask: 1
  m_RendererPriority: 0
  m_Materials:
  - {fileID: 2100000, guid: 8f5c42afab7b135488b8d6815747503e, type: 2}
  m_StaticBatchInfo:
    firstSubMesh: 0
    subMeshCount: 0
  m_StaticBatchRoot: {fileID: 0}
  m_ProbeAnchor: {fileID: 0}
  m_LightProbeVolumeOverride: {fileID: 0}
  m_ScaleInLightmap: 1
  m_ReceiveGI: 1
  m_PreserveUVs: 0
  m_IgnoreNormalsForChartDetection: 0
  m_ImportantGI: 0
  m_StitchLightmapSeams: 1
  m_SelectedEditorRenderState: 3
  m_MinimumChartSize: 4
  m_AutoUVMaxDistance: 0.5
  m_AutoUVMaxAngle: 89
  m_LightmapParameters: {fileID: 0}
  m_SortingLayerID: 0
  m_SortingLayer: 0
  m_SortingOrder: 0
  serializedVersion: 2
  m_Quality: 0
  m_UpdateWhenOffscreen: 0
  m_SkinnedMotionVectors: 1
  m_Mesh: {fileID: 4300006, guid: 6cae2f82a0a62ff4ab9be3eeeda19688, type: 3}
  m_Bones:
  - {fileID: 6249065616646247507}
  - {fileID: 9165496746034892035}
  - {fileID: 7180398048728153658}
  - {fileID: 3292817407943470302}
  - {fileID: 3588561935589214635}
  - {fileID: 7353239773421186086}
  - {fileID: 4624801631866203273}
  - {fileID: 0}
  - {fileID: 6565433559971534983}
  m_BlendShapeWeights: []
  m_RootBone: {fileID: 4624801631866203273}
  m_AABB:
    m_Center: {x: -0.07090184, y: -0.28309548, z: -0.04915172}
    m_Extent: {x: 0.04678151, y: 0.06849002, z: 0.02233094}
  m_DirtyAABB: 0
--- !u!1 &2130930179927488837
GameObject:
  m_ObjectHideFlags: 0
  m_CorrespondingSourceObject: {fileID: 0}
  m_PrefabInstance: {fileID: 0}
  m_PrefabAsset: {fileID: 0}
  serializedVersion: 6
  m_Component:
  - component: {fileID: 3708476499036906562}
  m_Layer: 0
  m_Name: RightHandPinky1
  m_TagString: Untagged
  m_Icon: {fileID: 0}
  m_NavMeshLayer: 0
  m_StaticEditorFlags: 0
  m_IsActive: 1
--- !u!4 &3708476499036906562
Transform:
  m_ObjectHideFlags: 0
  m_CorrespondingSourceObject: {fileID: 0}
  m_PrefabInstance: {fileID: 0}
  m_PrefabAsset: {fileID: 0}
  m_GameObject: {fileID: 2130930179927488837}
  serializedVersion: 2
  m_LocalRotation: {x: 0.6477489, y: -0.38756248, z: -0.012723309, w: 0.6557857}
  m_LocalPosition: {x: 0.037086792, y: 0.092264056, z: -0.0013165651}
  m_LocalScale: {x: 1, y: 1, z: 1}
  m_ConstrainProportionsScale: 0
  m_Children:
  - {fileID: 558706757341511899}
  m_Father: {fileID: 5959036853335137123}
  m_LocalEulerAnglesHint: {x: 0, y: 0, z: 0}
--- !u!1 &2227607443274708365
GameObject:
  m_ObjectHideFlags: 0
  m_CorrespondingSourceObject: {fileID: 0}
  m_PrefabInstance: {fileID: 0}
  m_PrefabAsset: {fileID: 0}
  serializedVersion: 6
  m_Component:
  - component: {fileID: 777544335012249609}
  m_Layer: 0
  m_Name: LeftHandRing3
  m_TagString: Untagged
  m_Icon: {fileID: 0}
  m_NavMeshLayer: 0
  m_StaticEditorFlags: 0
  m_IsActive: 1
--- !u!4 &777544335012249609
Transform:
  m_ObjectHideFlags: 0
  m_CorrespondingSourceObject: {fileID: 0}
  m_PrefabInstance: {fileID: 0}
  m_PrefabAsset: {fileID: 0}
  m_GameObject: {fileID: 2227607443274708365}
  serializedVersion: 2
  m_LocalRotation: {x: 0.37869936, y: 0.00045139724, z: 0.0037382725, w: 0.9255121}
  m_LocalPosition: {x: -0.000009233514, y: 0.027751995, z: 0.00000015649228}
  m_LocalScale: {x: 1, y: 1, z: 1}
  m_ConstrainProportionsScale: 0
  m_Children:
  - {fileID: 350471349309477583}
  m_Father: {fileID: 1389738364199370158}
  m_LocalEulerAnglesHint: {x: 0, y: 0, z: 0}
--- !u!1 &2528576604050459275
GameObject:
  m_ObjectHideFlags: 0
  m_CorrespondingSourceObject: {fileID: 0}
  m_PrefabInstance: {fileID: 0}
  m_PrefabAsset: {fileID: 0}
  serializedVersion: 6
  m_Component:
  - component: {fileID: 3482894782052924326}
  m_Layer: 0
  m_Name: LeftHandMiddle4
  m_TagString: Untagged
  m_Icon: {fileID: 0}
  m_NavMeshLayer: 0
  m_StaticEditorFlags: 0
  m_IsActive: 1
--- !u!4 &3482894782052924326
Transform:
  m_ObjectHideFlags: 0
  m_CorrespondingSourceObject: {fileID: 0}
  m_PrefabInstance: {fileID: 0}
  m_PrefabAsset: {fileID: 0}
  m_GameObject: {fileID: 2528576604050459275}
  serializedVersion: 2
  m_LocalRotation: {x: -0.00000028744088, y: 0.00000008847308, z: -0.000000036654107, w: 1}
  m_LocalPosition: {x: -0.000016529511, y: 0.024351573, z: 0.0000001271241}
  m_LocalScale: {x: 1, y: 1, z: 1}
  m_ConstrainProportionsScale: 0
  m_Children: []
  m_Father: {fileID: 5559771857589056374}
  m_LocalEulerAnglesHint: {x: 0, y: 0, z: 0}
--- !u!1 &2533105424762547962
GameObject:
  m_ObjectHideFlags: 0
  m_CorrespondingSourceObject: {fileID: 0}
  m_PrefabInstance: {fileID: 0}
  m_PrefabAsset: {fileID: 0}
  serializedVersion: 6
  m_Component:
  - component: {fileID: 3731932754830984528}
  m_Layer: 0
  m_Name: LeftHandThumb2
  m_TagString: Untagged
  m_Icon: {fileID: 0}
  m_NavMeshLayer: 0
  m_StaticEditorFlags: 0
  m_IsActive: 1
--- !u!4 &3731932754830984528
Transform:
  m_ObjectHideFlags: 0
  m_CorrespondingSourceObject: {fileID: 0}
  m_PrefabInstance: {fileID: 0}
  m_PrefabAsset: {fileID: 0}
  m_GameObject: {fileID: 2533105424762547962}
  serializedVersion: 2
  m_LocalRotation: {x: 0.00046199927, y: 0.0061899996, z: -0.046988722, w: 0.99887615}
  m_LocalPosition: {x: 0.0039647645, y: 0.03243291, z: -0.00000016957434}
  m_LocalScale: {x: 1, y: 1, z: 1}
  m_ConstrainProportionsScale: 0
  m_Children:
  - {fileID: 6172048315407988956}
  m_Father: {fileID: 9018025696692543126}
  m_LocalEulerAnglesHint: {x: 0, y: 0, z: 0}
--- !u!1 &2611735394993692872
GameObject:
  m_ObjectHideFlags: 0
  m_CorrespondingSourceObject: {fileID: 0}
  m_PrefabInstance: {fileID: 0}
  m_PrefabAsset: {fileID: 0}
  serializedVersion: 6
  m_Component:
  - component: {fileID: 9018025696692543126}
  m_Layer: 0
  m_Name: LeftHandThumb1
  m_TagString: Untagged
  m_Icon: {fileID: 0}
  m_NavMeshLayer: 0
  m_StaticEditorFlags: 0
  m_IsActive: 1
--- !u!4 &9018025696692543126
Transform:
  m_ObjectHideFlags: 0
  m_CorrespondingSourceObject: {fileID: 0}
  m_PrefabInstance: {fileID: 0}
  m_PrefabAsset: {fileID: 0}
  m_GameObject: {fileID: 2611735394993692872}
  serializedVersion: 2
  m_LocalRotation: {x: 0.19325103, y: -0.088773936, z: -0.24880798, w: 0.94491684}
  m_LocalPosition: {x: 0.028164528, y: 0.027377252, z: 0.0111988075}
  m_LocalScale: {x: 1, y: 1, z: 1}
  m_ConstrainProportionsScale: 0
  m_Children:
  - {fileID: 3731932754830984528}
  m_Father: {fileID: 7660523496794104303}
  m_LocalEulerAnglesHint: {x: 0, y: 0, z: 0}
--- !u!1 &2662840141991696978
GameObject:
  m_ObjectHideFlags: 0
  m_CorrespondingSourceObject: {fileID: 0}
  m_PrefabInstance: {fileID: 0}
  m_PrefabAsset: {fileID: 0}
  serializedVersion: 6
  m_Component:
  - component: {fileID: 7970669177491054739}
  m_Layer: 0
  m_Name: LeftHandPinky2
  m_TagString: Untagged
  m_Icon: {fileID: 0}
  m_NavMeshLayer: 0
  m_StaticEditorFlags: 0
  m_IsActive: 1
--- !u!4 &7970669177491054739
Transform:
  m_ObjectHideFlags: 0
  m_CorrespondingSourceObject: {fileID: 0}
  m_PrefabInstance: {fileID: 0}
  m_PrefabAsset: {fileID: 0}
  m_GameObject: {fileID: 2662840141991696978}
  serializedVersion: 2
  m_LocalRotation: {x: 0.4064879, y: 0.001583558, z: 0.017125294, w: 0.9134943}
  m_LocalPosition: {x: -0.00005973552, y: 0.028339628, z: -0.0000001667335}
  m_LocalScale: {x: 1, y: 1, z: 1}
  m_ConstrainProportionsScale: 0
  m_Children:
  - {fileID: 5002694382756446927}
  m_Father: {fileID: 957792936773097437}
  m_LocalEulerAnglesHint: {x: 0, y: 0, z: 0}
--- !u!1 &2856208368902902417
GameObject:
  m_ObjectHideFlags: 0
  m_CorrespondingSourceObject: {fileID: 0}
  m_PrefabInstance: {fileID: 0}
  m_PrefabAsset: {fileID: 0}
  serializedVersion: 6
  m_Component:
  - component: {fileID: 1400428905571467003}
  m_Layer: 0
  m_Name: HeadTop_End
  m_TagString: Untagged
  m_Icon: {fileID: 0}
  m_NavMeshLayer: 0
  m_StaticEditorFlags: 0
  m_IsActive: 1
--- !u!4 &1400428905571467003
Transform:
  m_ObjectHideFlags: 0
  m_CorrespondingSourceObject: {fileID: 0}
  m_PrefabInstance: {fileID: 0}
  m_PrefabAsset: {fileID: 0}
  m_GameObject: {fileID: 2856208368902902417}
  serializedVersion: 2
  m_LocalRotation: {x: 2.7755576e-17, y: -0, z: -0, w: 1}
  m_LocalPosition: {x: -0, y: 0.19962478, z: 0.08864065}
  m_LocalScale: {x: 1, y: 1, z: 1}
  m_ConstrainProportionsScale: 0
  m_Children: []
  m_Father: {fileID: 489967129872542992}
  m_LocalEulerAnglesHint: {x: 0, y: 0, z: 0}
--- !u!1 &2961471885482804956
GameObject:
  m_ObjectHideFlags: 0
  m_CorrespondingSourceObject: {fileID: 0}
  m_PrefabInstance: {fileID: 0}
  m_PrefabAsset: {fileID: 0}
  serializedVersion: 6
  m_Component:
  - component: {fileID: 6875197189553710417}
  m_Layer: 0
  m_Name: RightArm
  m_TagString: Untagged
  m_Icon: {fileID: 0}
  m_NavMeshLayer: 0
  m_StaticEditorFlags: 0
  m_IsActive: 1
--- !u!4 &6875197189553710417
Transform:
  m_ObjectHideFlags: 0
  m_CorrespondingSourceObject: {fileID: 0}
  m_PrefabInstance: {fileID: 0}
  m_PrefabAsset: {fileID: 0}
  m_GameObject: {fileID: 2961471885482804956}
  serializedVersion: 2
  m_LocalRotation: {x: 0.6536569, y: 0.231024, z: 0.20507698, w: 0.69087195}
  m_LocalPosition: {x: 0.000000009307289, y: 0.1685248, z: 0.00000008364587}
  m_LocalScale: {x: 1, y: 1, z: 1}
  m_ConstrainProportionsScale: 0
  m_Children:
  - {fileID: 4914619350872326136}
  m_Father: {fileID: 8731506909075588093}
  m_LocalEulerAnglesHint: {x: 0, y: 0, z: 0}
--- !u!1 &3149816631533154946
GameObject:
  m_ObjectHideFlags: 0
  m_CorrespondingSourceObject: {fileID: 0}
  m_PrefabInstance: {fileID: 0}
  m_PrefabAsset: {fileID: 0}
  serializedVersion: 6
  m_Component:
  - component: {fileID: 1072698157985126293}
  m_Layer: 0
  m_Name: LeftHandRing1
  m_TagString: Untagged
  m_Icon: {fileID: 0}
  m_NavMeshLayer: 0
  m_StaticEditorFlags: 0
  m_IsActive: 1
--- !u!4 &1072698157985126293
Transform:
  m_ObjectHideFlags: 0
  m_CorrespondingSourceObject: {fileID: 0}
  m_PrefabInstance: {fileID: 0}
  m_PrefabAsset: {fileID: 0}
  m_GameObject: {fileID: 3149816631533154946}
  serializedVersion: 2
  m_LocalRotation: {x: 0.344458, y: -0.07281816, z: -0.25315213, w: 0.90108836}
  m_LocalPosition: {x: -0.014367036, y: 0.10130697, z: -0.0030922506}
  m_LocalScale: {x: 1, y: 1, z: 1}
  m_ConstrainProportionsScale: 0
  m_Children:
  - {fileID: 1389738364199370158}
  m_Father: {fileID: 7660523496794104303}
  m_LocalEulerAnglesHint: {x: 0, y: 0, z: 0}
--- !u!1 &3195191769916933321
GameObject:
  m_ObjectHideFlags: 0
  m_CorrespondingSourceObject: {fileID: 0}
  m_PrefabInstance: {fileID: 0}
  m_PrefabAsset: {fileID: 0}
  serializedVersion: 6
  m_Component:
  - component: {fileID: 489967129872542992}
  m_Layer: 0
  m_Name: Head
  m_TagString: Untagged
  m_Icon: {fileID: 0}
  m_NavMeshLayer: 0
  m_StaticEditorFlags: 0
  m_IsActive: 1
--- !u!4 &489967129872542992
Transform:
  m_ObjectHideFlags: 0
  m_CorrespondingSourceObject: {fileID: 0}
  m_PrefabInstance: {fileID: 0}
  m_PrefabAsset: {fileID: 0}
  m_GameObject: {fileID: 3195191769916933321}
  serializedVersion: 2
  m_LocalRotation: {x: 2.064312e-20, y: 2.0646443e-20, z: 8.5989225e-19, w: 1}
  m_LocalPosition: {x: 4.3633096e-14, y: 0.079160914, z: 0.03515103}
  m_LocalScale: {x: 1, y: 1, z: 1}
  m_ConstrainProportionsScale: 0
  m_Children:
  - {fileID: 1400428905571467003}
  m_Father: {fileID: 6559423718537981334}
  m_LocalEulerAnglesHint: {x: 0, y: 0, z: 0}
--- !u!1 &3251094992128722338
GameObject:
  m_ObjectHideFlags: 0
  m_CorrespondingSourceObject: {fileID: 0}
  m_PrefabInstance: {fileID: 0}
  m_PrefabAsset: {fileID: 0}
  serializedVersion: 6
  m_Component:
  - component: {fileID: 8880421891250259439}
  m_Layer: 0
  m_Name: RightHandMiddle1
  m_TagString: Untagged
  m_Icon: {fileID: 0}
  m_NavMeshLayer: 0
  m_StaticEditorFlags: 0
  m_IsActive: 1
--- !u!4 &8880421891250259439
Transform:
  m_ObjectHideFlags: 0
  m_CorrespondingSourceObject: {fileID: 0}
  m_PrefabInstance: {fileID: 0}
  m_PrefabAsset: {fileID: 0}
  m_GameObject: {fileID: 3251094992128722338}
  serializedVersion: 2
  m_LocalRotation: {x: 0.39008716, y: -0.25203592, z: -0.15659668, w: 0.87165785}
  m_LocalPosition: {x: -0.012500892, y: 0.10028546, z: -0.003294056}
  m_LocalScale: {x: 1, y: 1, z: 1}
  m_ConstrainProportionsScale: 0
  m_Children:
  - {fileID: 1897822580034353484}
  m_Father: {fileID: 5959036853335137123}
  m_LocalEulerAnglesHint: {x: 0, y: 0, z: 0}
--- !u!1 &3731234279274648039
GameObject:
  m_ObjectHideFlags: 0
  m_CorrespondingSourceObject: {fileID: 0}
  m_PrefabInstance: {fileID: 0}
  m_PrefabAsset: {fileID: 0}
  serializedVersion: 6
  m_Component:
  - component: {fileID: 350471349309477583}
  m_Layer: 0
  m_Name: LeftHandRing4
  m_TagString: Untagged
  m_Icon: {fileID: 0}
  m_NavMeshLayer: 0
  m_StaticEditorFlags: 0
  m_IsActive: 1
--- !u!4 &350471349309477583
Transform:
  m_ObjectHideFlags: 0
  m_CorrespondingSourceObject: {fileID: 0}
  m_PrefabInstance: {fileID: 0}
  m_PrefabAsset: {fileID: 0}
  m_GameObject: {fileID: 3731234279274648039}
  serializedVersion: 2
  m_LocalRotation: {x: 0.00000018133927, y: -0.000000036219763, z: 0.00000020097806, w: 1}
  m_LocalPosition: {x: -0.000054820277, y: 0.021984793, z: -0.00000015434873}
  m_LocalScale: {x: 1, y: 1, z: 1}
  m_ConstrainProportionsScale: 0
  m_Children: []
  m_Father: {fileID: 777544335012249609}
  m_LocalEulerAnglesHint: {x: 0, y: 0, z: 0}
--- !u!1 &3869958263904633268
GameObject:
  m_ObjectHideFlags: 0
  m_CorrespondingSourceObject: {fileID: 0}
  m_PrefabInstance: {fileID: 0}
  m_PrefabAsset: {fileID: 0}
  serializedVersion: 6
  m_Component:
  - component: {fileID: 696981165937608426}
  m_Layer: 0
  m_Name: LeftArm
  m_TagString: Untagged
  m_Icon: {fileID: 0}
  m_NavMeshLayer: 0
  m_StaticEditorFlags: 0
  m_IsActive: 1
--- !u!4 &696981165937608426
Transform:
  m_ObjectHideFlags: 0
  m_CorrespondingSourceObject: {fileID: 0}
  m_PrefabInstance: {fileID: 0}
  m_PrefabAsset: {fileID: 0}
  m_GameObject: {fileID: 3869958263904633268}
  serializedVersion: 2
  m_LocalRotation: {x: 0.548141, y: 0.24597375, z: -0.08351379, w: 0.7950244}
  m_LocalPosition: {x: 0.00000011889548, y: 0.16852365, z: 0.00000014179518}
  m_LocalScale: {x: 1, y: 1, z: 1}
  m_ConstrainProportionsScale: 0
  m_Children:
  - {fileID: 151598138640334091}
  m_Father: {fileID: 1890824704691705119}
  m_LocalEulerAnglesHint: {x: 0, y: 0, z: 0}
--- !u!1 &3984736882108944424
GameObject:
  m_ObjectHideFlags: 0
  m_CorrespondingSourceObject: {fileID: 0}
  m_PrefabInstance: {fileID: 0}
  m_PrefabAsset: {fileID: 0}
  serializedVersion: 6
  m_Component:
  - component: {fileID: 558706757341511899}
  m_Layer: 0
  m_Name: RightHandPinky2
  m_TagString: Untagged
  m_Icon: {fileID: 0}
  m_NavMeshLayer: 0
  m_StaticEditorFlags: 0
  m_IsActive: 1
--- !u!4 &558706757341511899
Transform:
  m_ObjectHideFlags: 0
  m_CorrespondingSourceObject: {fileID: 0}
  m_PrefabInstance: {fileID: 0}
  m_PrefabAsset: {fileID: 0}
  m_GameObject: {fileID: 3984736882108944424}
  serializedVersion: 2
  m_LocalRotation: {x: 0.18285196, y: -0.001095309, z: -0.0077755656, w: 0.9831091}
  m_LocalPosition: {x: 0.00015404657, y: 0.027854493, z: -0.00000031463676}
  m_LocalScale: {x: 1, y: 1, z: 1}
  m_ConstrainProportionsScale: 0
  m_Children:
  - {fileID: 3588561935589214635}
  m_Father: {fileID: 3708476499036906562}
  m_LocalEulerAnglesHint: {x: 0, y: 0, z: 0}
--- !u!1 &4086528729924954813
GameObject:
  m_ObjectHideFlags: 0
  m_CorrespondingSourceObject: {fileID: 0}
  m_PrefabInstance: {fileID: 0}
  m_PrefabAsset: {fileID: 0}
  serializedVersion: 6
  m_Component:
  - component: {fileID: 6249065616646247507}
  m_Layer: 0
  m_Name: RightHandMiddle3
  m_TagString: Untagged
  m_Icon: {fileID: 0}
  m_NavMeshLayer: 0
  m_StaticEditorFlags: 0
  m_IsActive: 1
--- !u!4 &6249065616646247507
Transform:
  m_ObjectHideFlags: 0
  m_CorrespondingSourceObject: {fileID: 0}
  m_PrefabInstance: {fileID: 0}
  m_PrefabAsset: {fileID: 0}
  m_GameObject: {fileID: 4086528729924954813}
  serializedVersion: 2
  m_LocalRotation: {x: 0.40516955, y: 0.00062729145, z: 0.00062582025, w: 0.9142412}
  m_LocalPosition: {x: -0.00011863062, y: 0.03136315, z: -0.00000020858904}
  m_LocalScale: {x: 1, y: 1, z: 1}
  m_ConstrainProportionsScale: 0
  m_Children:
  - {fileID: 9165496746034892035}
  m_Father: {fileID: 1897822580034353484}
  m_LocalEulerAnglesHint: {x: 0, y: 0, z: 0}
--- !u!1 &4342873791298854203
GameObject:
  m_ObjectHideFlags: 0
  m_CorrespondingSourceObject: {fileID: 0}
  m_PrefabInstance: {fileID: 0}
  m_PrefabAsset: {fileID: 0}
  serializedVersion: 6
  m_Component:
  - component: {fileID: 2520430730453867957}
  m_Layer: 0
  m_Name: RightFoot
  m_TagString: Untagged
  m_Icon: {fileID: 0}
  m_NavMeshLayer: 0
  m_StaticEditorFlags: 0
  m_IsActive: 1
--- !u!4 &2520430730453867957
Transform:
  m_ObjectHideFlags: 0
  m_CorrespondingSourceObject: {fileID: 0}
  m_PrefabInstance: {fileID: 0}
  m_PrefabAsset: {fileID: 0}
  m_GameObject: {fileID: 4342873791298854203}
  serializedVersion: 2
  m_LocalRotation: {x: 0.43622413, y: -0.030274047, z: 0.027365921, w: 0.8989122}
  m_LocalPosition: {x: 5.328845e-10, y: 0.44141647, z: -0.000000005698317}
  m_LocalScale: {x: 1, y: 1, z: 1}
  m_ConstrainProportionsScale: 0
  m_Children:
  - {fileID: 5681466662770454600}
  m_Father: {fileID: 7308398595025324223}
  m_LocalEulerAnglesHint: {x: 0, y: 0, z: 0}
--- !u!1 &4496228884499121837
GameObject:
  m_ObjectHideFlags: 0
  m_CorrespondingSourceObject: {fileID: 0}
  m_PrefabInstance: {fileID: 0}
  m_PrefabAsset: {fileID: 0}
  serializedVersion: 6
  m_Component:
  - component: {fileID: 3588561935589214635}
  m_Layer: 0
  m_Name: RightHandPinky3
  m_TagString: Untagged
  m_Icon: {fileID: 0}
  m_NavMeshLayer: 0
  m_StaticEditorFlags: 0
  m_IsActive: 1
--- !u!4 &3588561935589214635
Transform:
  m_ObjectHideFlags: 0
  m_CorrespondingSourceObject: {fileID: 0}
  m_PrefabInstance: {fileID: 0}
  m_PrefabAsset: {fileID: 0}
  m_GameObject: {fileID: 4496228884499121837}
  serializedVersion: 2
  m_LocalRotation: {x: 0.17146513, y: 0.0023310562, z: -0.02206515, w: 0.98494035}
  m_LocalPosition: {x: 0.00019345812, y: 0.023740819, z: -0.00000042023885}
  m_LocalScale: {x: 1, y: 1, z: 1}
  m_ConstrainProportionsScale: 0
  m_Children:
  - {fileID: 7353239773421186086}
  m_Father: {fileID: 558706757341511899}
  m_LocalEulerAnglesHint: {x: 0, y: 0, z: 0}
--- !u!1 &4690825706698074239
GameObject:
  m_ObjectHideFlags: 0
  m_CorrespondingSourceObject: {fileID: 0}
  m_PrefabInstance: {fileID: 0}
  m_PrefabAsset: {fileID: 0}
  serializedVersion: 6
  m_Component:
  - component: {fileID: 5559771857589056374}
  m_Layer: 0
  m_Name: LeftHandMiddle3
  m_TagString: Untagged
  m_Icon: {fileID: 0}
  m_NavMeshLayer: 0
  m_StaticEditorFlags: 0
  m_IsActive: 1
--- !u!4 &5559771857589056374
Transform:
  m_ObjectHideFlags: 0
  m_CorrespondingSourceObject: {fileID: 0}
  m_PrefabInstance: {fileID: 0}
  m_PrefabAsset: {fileID: 0}
  m_GameObject: {fileID: 4690825706698074239}
  serializedVersion: 2
  m_LocalRotation: {x: 0.4402373, y: -0.0010950505, z: -0.0016449371, w: 0.8978793}
  m_LocalPosition: {x: 0.0001420066, y: 0.029714474, z: 0.00000012536526}
  m_LocalScale: {x: 1, y: 1, z: 1}
  m_ConstrainProportionsScale: 0
  m_Children:
  - {fileID: 3482894782052924326}
  m_Father: {fileID: 3575434542001222835}
  m_LocalEulerAnglesHint: {x: 0, y: 0, z: 0}
--- !u!1 &4805327700983839972
GameObject:
  m_ObjectHideFlags: 0
  m_CorrespondingSourceObject: {fileID: 0}
  m_PrefabInstance: {fileID: 0}
  m_PrefabAsset: {fileID: 0}
  serializedVersion: 6
  m_Component:
  - component: {fileID: 4954679224173168602}
  - component: {fileID: 7055960876956062861}
  m_Layer: 0
  m_Name: FPS_Character
  m_TagString: Untagged
  m_Icon: {fileID: 0}
  m_NavMeshLayer: 0
  m_StaticEditorFlags: 0
  m_IsActive: 1
--- !u!4 &4954679224173168602
Transform:
  m_ObjectHideFlags: 0
  m_CorrespondingSourceObject: {fileID: 0}
  m_PrefabInstance: {fileID: 0}
  m_PrefabAsset: {fileID: 0}
  m_GameObject: {fileID: 4805327700983839972}
  serializedVersion: 2
  m_LocalRotation: {x: 0, y: 0, z: 0, w: 1}
  m_LocalPosition: {x: 0, y: 0, z: 0}
  m_LocalScale: {x: 1, y: 1, z: 1}
  m_ConstrainProportionsScale: 0
  m_Children:
  - {fileID: 7726083592822276225}
  - {fileID: 8733846563663581063}
  - {fileID: 626363038498239596}
  m_Father: {fileID: 0}
  m_LocalEulerAnglesHint: {x: 0, y: 0, z: 0}
--- !u!95 &7055960876956062861
Animator:
  serializedVersion: 5
  m_ObjectHideFlags: 0
  m_CorrespondingSourceObject: {fileID: 0}
  m_PrefabInstance: {fileID: 0}
  m_PrefabAsset: {fileID: 0}
  m_GameObject: {fileID: 4805327700983839972}
  m_Enabled: 1
  m_Avatar: {fileID: 9000000, guid: 6cae2f82a0a62ff4ab9be3eeeda19688, type: 3}
  m_Controller: {fileID: 0}
  m_CullingMode: 1
  m_UpdateMode: 0
  m_ApplyRootMotion: 0
  m_LinearVelocityBlending: 0
  m_StabilizeFeet: 0
  m_WarningMessage: 
  m_HasTransformHierarchy: 1
  m_AllowConstantClipSamplingOptimization: 1
  m_KeepAnimatorStateOnDisable: 0
  m_WriteDefaultValuesOnDisable: 0
--- !u!1 &4908377560401038094
GameObject:
  m_ObjectHideFlags: 0
  m_CorrespondingSourceObject: {fileID: 0}
  m_PrefabInstance: {fileID: 0}
  m_PrefabAsset: {fileID: 0}
  serializedVersion: 6
  m_Component:
  - component: {fileID: 6960509196749032153}
  m_Layer: 0
  m_Name: RightHandThumb2
  m_TagString: Untagged
  m_Icon: {fileID: 0}
  m_NavMeshLayer: 0
  m_StaticEditorFlags: 0
  m_IsActive: 1
--- !u!4 &6960509196749032153
Transform:
  m_ObjectHideFlags: 0
  m_CorrespondingSourceObject: {fileID: 0}
  m_PrefabInstance: {fileID: 0}
  m_PrefabAsset: {fileID: 0}
  m_GameObject: {fileID: 4908377560401038094}
  serializedVersion: 2
  m_LocalRotation: {x: 0.0018242425, y: -0.0030443019, z: -0.1586681, w: 0.9873256}
  m_LocalPosition: {x: -0.0032867985, y: 0.031809986, z: -0.0000006612822}
  m_LocalScale: {x: 1, y: 1, z: 1}
  m_ConstrainProportionsScale: 0
  m_Children:
  - {fileID: 5780145094007422347}
  m_Father: {fileID: 8981981253087276170}
  m_LocalEulerAnglesHint: {x: 0, y: 0, z: 0}
--- !u!1 &4918421890203870875
GameObject:
  m_ObjectHideFlags: 0
  m_CorrespondingSourceObject: {fileID: 0}
  m_PrefabInstance: {fileID: 0}
  m_PrefabAsset: {fileID: 0}
  serializedVersion: 6
  m_Component:
  - component: {fileID: 5780145094007422347}
  m_Layer: 0
  m_Name: RightHandThumb3
  m_TagString: Untagged
  m_Icon: {fileID: 0}
  m_NavMeshLayer: 0
  m_StaticEditorFlags: 0
  m_IsActive: 1
--- !u!4 &5780145094007422347
Transform:
  m_ObjectHideFlags: 0
  m_CorrespondingSourceObject: {fileID: 0}
  m_PrefabInstance: {fileID: 0}
  m_PrefabAsset: {fileID: 0}
  m_GameObject: {fileID: 4918421890203870875}
  serializedVersion: 2
  m_LocalRotation: {x: -0.0005249954, y: -0.005273175, z: -0.22176856, w: 0.97508496}
  m_LocalPosition: {x: 0.0005259341, y: 0.033341076, z: -0.0000005251329}
  m_LocalScale: {x: 1, y: 1, z: 1}
  m_ConstrainProportionsScale: 0
  m_Children:
  - {fileID: 2936339617840472810}
  m_Father: {fileID: 6960509196749032153}
  m_LocalEulerAnglesHint: {x: 0, y: 0, z: 0}
--- !u!1 &4939054514125629939
GameObject:
  m_ObjectHideFlags: 0
  m_CorrespondingSourceObject: {fileID: 0}
  m_PrefabInstance: {fileID: 0}
  m_PrefabAsset: {fileID: 0}
  serializedVersion: 6
  m_Component:
  - component: {fileID: 8731506909075588093}
  m_Layer: 0
  m_Name: RightShoulder
  m_TagString: Untagged
  m_Icon: {fileID: 0}
  m_NavMeshLayer: 0
  m_StaticEditorFlags: 0
  m_IsActive: 1
--- !u!4 &8731506909075588093
Transform:
  m_ObjectHideFlags: 0
  m_CorrespondingSourceObject: {fileID: 0}
  m_PrefabInstance: {fileID: 0}
  m_PrefabAsset: {fileID: 0}
  m_GameObject: {fileID: 4939054514125629939}
  serializedVersion: 2
  m_LocalRotation: {x: -0.54027426, y: -0.4479175, z: 0.56918097, w: -0.42837676}
  m_LocalPosition: {x: 0.075624086, y: 0.11972932, z: -0.00422709}
  m_LocalScale: {x: 1, y: 1, z: 1}
  m_ConstrainProportionsScale: 0
  m_Children:
  - {fileID: 6875197189553710417}
  m_Father: {fileID: 8013983777836799826}
  m_LocalEulerAnglesHint: {x: 0, y: 0, z: 0}
--- !u!1 &4963879400456361490
GameObject:
  m_ObjectHideFlags: 0
  m_CorrespondingSourceObject: {fileID: 0}
  m_PrefabInstance: {fileID: 0}
  m_PrefabAsset: {fileID: 0}
  serializedVersion: 6
  m_Component:
  - component: {fileID: 7726083592822276225}
  - component: {fileID: 786844882625874953}
  m_Layer: 0
  m_Name: MainCharacterMesh
  m_TagString: Untagged
  m_Icon: {fileID: 0}
  m_NavMeshLayer: 0
  m_StaticEditorFlags: 0
  m_IsActive: 1
--- !u!4 &7726083592822276225
Transform:
  m_ObjectHideFlags: 0
  m_CorrespondingSourceObject: {fileID: 0}
  m_PrefabInstance: {fileID: 0}
  m_PrefabAsset: {fileID: 0}
  m_GameObject: {fileID: 4963879400456361490}
  serializedVersion: 2
  m_LocalRotation: {x: 0, y: -0, z: -0, w: 1}
  m_LocalPosition: {x: -0, y: 0, z: 0}
  m_LocalScale: {x: 1, y: 1, z: 1}
  m_ConstrainProportionsScale: 0
  m_Children: []
  m_Father: {fileID: 4954679224173168602}
  m_LocalEulerAnglesHint: {x: 0, y: 0, z: 0}
--- !u!137 &786844882625874953
SkinnedMeshRenderer:
  m_ObjectHideFlags: 0
  m_CorrespondingSourceObject: {fileID: 0}
  m_PrefabInstance: {fileID: 0}
  m_PrefabAsset: {fileID: 0}
  m_GameObject: {fileID: 4963879400456361490}
  m_Enabled: 1
  m_CastShadows: 1
  m_ReceiveShadows: 1
  m_DynamicOccludee: 1
  m_StaticShadowCaster: 0
  m_MotionVectors: 1
  m_LightProbeUsage: 1
  m_ReflectionProbeUsage: 1
  m_RayTracingMode: 3
  m_RayTraceProcedural: 0
  m_RenderingLayerMask: 1
  m_RendererPriority: 0
  m_Materials:
  - {fileID: 2100000, guid: 565a3425a1d18224da864f597f3c22db, type: 2}
  m_StaticBatchInfo:
    firstSubMesh: 0
    subMeshCount: 0
  m_StaticBatchRoot: {fileID: 0}
  m_ProbeAnchor: {fileID: 0}
  m_LightProbeVolumeOverride: {fileID: 0}
  m_ScaleInLightmap: 1
  m_ReceiveGI: 1
  m_PreserveUVs: 0
  m_IgnoreNormalsForChartDetection: 0
  m_ImportantGI: 0
  m_StitchLightmapSeams: 1
  m_SelectedEditorRenderState: 3
  m_MinimumChartSize: 4
  m_AutoUVMaxDistance: 0.5
  m_AutoUVMaxAngle: 89
  m_LightmapParameters: {fileID: 0}
  m_SortingLayerID: 0
  m_SortingLayer: 0
  m_SortingOrder: 0
  serializedVersion: 2
  m_Quality: 0
  m_UpdateWhenOffscreen: 0
  m_SkinnedMotionVectors: 1
  m_Mesh: {fileID: 4300000, guid: 6cae2f82a0a62ff4ab9be3eeeda19688, type: 3}
  m_Bones:
  - {fileID: 6559423718537981334}
  - {fileID: 489967129872542992}
  - {fileID: 8013983777836799826}
  - {fileID: 5009248609237772596}
  - {fileID: 3443647827399894833}
  - {fileID: 4360614727476486365}
  - {fileID: 2632205819398979986}
  - {fileID: 7308398595025324223}
  - {fileID: 5681466662770454600}
  - {fileID: 2520430730453867957}
  - {fileID: 7955312791496989722}
  - {fileID: 5007477573798644395}
  - {fileID: 7812038685893418509}
  - {fileID: 9042159692804240577}
  - {fileID: 6875197189553710417}
  - {fileID: 8731506909075588093}
  - {fileID: 1890824704691705119}
  - {fileID: 696981165937608426}
  - {fileID: 151598138640334091}
  - {fileID: 7660523496794104303}
  - {fileID: 9018025696692543126}
  - {fileID: 957792936773097437}
  - {fileID: 2659682286190749001}
  - {fileID: 3486201247160050936}
  - {fileID: 6172048315407988956}
  - {fileID: 3731932754830984528}
  - {fileID: 5775598145604986203}
  - {fileID: 7309842256154742419}
  - {fileID: 1072698157985126293}
  - {fileID: 7970669177491054739}
  - {fileID: 3575434542001222835}
  - {fileID: 1389738364199370158}
  - {fileID: 5002694382756446927}
  - {fileID: 777544335012249609}
  - {fileID: 5559771857589056374}
  - {fileID: 4914619350872326136}
  - {fileID: 5959036853335137123}
  - {fileID: 8880421891250259439}
  - {fileID: 7668584286439250870}
  - {fileID: 2665154409670651858}
  - {fileID: 6960509196749032153}
  - {fileID: 5780145094007422347}
  - {fileID: 2774610846318377453}
  - {fileID: 4223568260048437661}
  - {fileID: 3708476499036906562}
  - {fileID: 558706757341511899}
  - {fileID: 8981981253087276170}
  - {fileID: 420779541300875341}
  - {fileID: 7180398048728153658}
  - {fileID: 1897822580034353484}
  - {fileID: 3588561935589214635}
  - {fileID: 6249065616646247507}
  m_BlendShapeWeights: []
  m_RootBone: {fileID: 4360614727476486365}
  m_AABB:
    m_Center: {x: 0.018525004, y: 0.22953758, z: 0.16302995}
    m_Extent: {x: 0.46807358, y: 0.29540017, z: 0.37430757}
  m_DirtyAABB: 0
--- !u!1 &5211667200816204545
GameObject:
  m_ObjectHideFlags: 0
  m_CorrespondingSourceObject: {fileID: 0}
  m_PrefabInstance: {fileID: 0}
  m_PrefabAsset: {fileID: 0}
  serializedVersion: 6
  m_Component:
  - component: {fileID: 9165496746034892035}
  m_Layer: 0
  m_Name: RightHandMiddle4
  m_TagString: Untagged
  m_Icon: {fileID: 0}
  m_NavMeshLayer: 0
  m_StaticEditorFlags: 0
  m_IsActive: 1
--- !u!4 &9165496746034892035
Transform:
  m_ObjectHideFlags: 0
  m_CorrespondingSourceObject: {fileID: 0}
  m_PrefabInstance: {fileID: 0}
  m_PrefabAsset: {fileID: 0}
  m_GameObject: {fileID: 5211667200816204545}
  serializedVersion: 2
  m_LocalRotation: {x: -0.0000002283932, y: 0.000000049076355, z: -0.00000027338172, w: 1}
  m_LocalPosition: {x: 0.000033690925, y: 0.023842216, z: -0.00000016848804}
  m_LocalScale: {x: 1, y: 1, z: 1}
  m_ConstrainProportionsScale: 0
  m_Children: []
  m_Father: {fileID: 6249065616646247507}
  m_LocalEulerAnglesHint: {x: 0, y: 0, z: 0}
--- !u!1 &5325524024901206804
GameObject:
  m_ObjectHideFlags: 0
  m_CorrespondingSourceObject: {fileID: 0}
  m_PrefabInstance: {fileID: 0}
  m_PrefabAsset: {fileID: 0}
  serializedVersion: 6
  m_Component:
  - component: {fileID: 4223568260048437661}
  m_Layer: 0
  m_Name: RightHandRing1
  m_TagString: Untagged
  m_Icon: {fileID: 0}
  m_NavMeshLayer: 0
  m_StaticEditorFlags: 0
  m_IsActive: 1
--- !u!4 &4223568260048437661
Transform:
  m_ObjectHideFlags: 0
  m_CorrespondingSourceObject: {fileID: 0}
  m_PrefabInstance: {fileID: 0}
  m_PrefabAsset: {fileID: 0}
  m_GameObject: {fileID: 5325524024901206804}
  serializedVersion: 2
  m_LocalRotation: {x: 0.62552834, y: -0.3229966, z: -0.039679736, w: 0.7090931}
  m_LocalPosition: {x: 0.01459718, y: 0.101573385, z: -0.004224234}
  m_LocalScale: {x: 1, y: 1, z: 1}
  m_ConstrainProportionsScale: 0
  m_Children:
  - {fileID: 420779541300875341}
  m_Father: {fileID: 5959036853335137123}
  m_LocalEulerAnglesHint: {x: 0, y: 0, z: 0}
--- !u!1 &5373093322606849276
GameObject:
  m_ObjectHideFlags: 0
  m_CorrespondingSourceObject: {fileID: 0}
  m_PrefabInstance: {fileID: 0}
  m_PrefabAsset: {fileID: 0}
  serializedVersion: 6
  m_Component:
  - component: {fileID: 5959036853335137123}
  m_Layer: 0
  m_Name: RightHand
  m_TagString: Untagged
  m_Icon: {fileID: 0}
  m_NavMeshLayer: 0
  m_StaticEditorFlags: 0
  m_IsActive: 1
--- !u!4 &5959036853335137123
Transform:
  m_ObjectHideFlags: 0
  m_CorrespondingSourceObject: {fileID: 0}
  m_PrefabInstance: {fileID: 0}
  m_PrefabAsset: {fileID: 0}
  m_GameObject: {fileID: 5373093322606849276}
  serializedVersion: 2
  m_LocalRotation: {x: -0.38284928, y: 0.09746012, z: -0.23431039, w: 0.8882717}
  m_LocalPosition: {x: -0.0000043565865, y: 0.2332606, z: -0.000010453061}
  m_LocalScale: {x: 1, y: 1, z: 1}
  m_ConstrainProportionsScale: 0
  m_Children:
  - {fileID: 2774610846318377453}
  - {fileID: 8880421891250259439}
  - {fileID: 3708476499036906562}
  - {fileID: 4223568260048437661}
  - {fileID: 8981981253087276170}
  - {fileID: 4624801631866203273}
  m_Father: {fileID: 4914619350872326136}
  m_LocalEulerAnglesHint: {x: 0, y: 0, z: 0}
--- !u!1 &5392950964393597183
GameObject:
  m_ObjectHideFlags: 0
  m_CorrespondingSourceObject: {fileID: 0}
  m_PrefabInstance: {fileID: 0}
  m_PrefabAsset: {fileID: 0}
  serializedVersion: 6
  m_Component:
  - component: {fileID: 626363038498239596}
  m_Layer: 0
  m_Name: Weapon01
  m_TagString: Untagged
  m_Icon: {fileID: 0}
  m_NavMeshLayer: 0
  m_StaticEditorFlags: 0
  m_IsActive: 1
--- !u!4 &626363038498239596
Transform:
  m_ObjectHideFlags: 0
  m_CorrespondingSourceObject: {fileID: 0}
  m_PrefabInstance: {fileID: 0}
  m_PrefabAsset: {fileID: 0}
  m_GameObject: {fileID: 5392950964393597183}
  serializedVersion: 2
  m_LocalRotation: {x: 0.00012202589, y: -0.0000785888, z: -0.000000857241, w: 1}
  m_LocalPosition: {x: 0.0000005149841, y: 1.2937047, z: 0.29339886}
  m_LocalScale: {x: 1, y: 1, z: 1}
  m_ConstrainProportionsScale: 0
  m_Children:
  - {fileID: 1991802991460197640}
  - {fileID: 9128160931711534161}
  m_Father: {fileID: 4954679224173168602}
  m_LocalEulerAnglesHint: {x: 0, y: 0, z: 0}
--- !u!1 &5449804280128613363
GameObject:
  m_ObjectHideFlags: 0
  m_CorrespondingSourceObject: {fileID: 0}
  m_PrefabInstance: {fileID: 0}
  m_PrefabAsset: {fileID: 0}
  serializedVersion: 6
  m_Component:
  - component: {fileID: 4440481253092649819}
  m_Layer: 0
  m_Name: LeftHandThumb4
  m_TagString: Untagged
  m_Icon: {fileID: 0}
  m_NavMeshLayer: 0
  m_StaticEditorFlags: 0
  m_IsActive: 1
--- !u!4 &4440481253092649819
Transform:
  m_ObjectHideFlags: 0
  m_CorrespondingSourceObject: {fileID: 0}
  m_PrefabInstance: {fileID: 0}
  m_PrefabAsset: {fileID: 0}
  m_GameObject: {fileID: 5449804280128613363}
  serializedVersion: 2
  m_LocalRotation: {x: -0.0000007354002, y: -0.00000058400366, z: 0.000000033444067, w: 1}
  m_LocalPosition: {x: -0.0048626126, y: 0.026787927, z: 0.00000021950311}
  m_LocalScale: {x: 1, y: 1, z: 1}
  m_ConstrainProportionsScale: 0
  m_Children: []
  m_Father: {fileID: 6172048315407988956}
  m_LocalEulerAnglesHint: {x: 0, y: 0, z: 0}
--- !u!1 &5751331953471179859
GameObject:
  m_ObjectHideFlags: 0
  m_CorrespondingSourceObject: {fileID: 0}
  m_PrefabInstance: {fileID: 0}
  m_PrefabAsset: {fileID: 0}
  serializedVersion: 6
  m_Component:
  - component: {fileID: 7308398595025324223}
  m_Layer: 0
  m_Name: RightLeg
  m_TagString: Untagged
  m_Icon: {fileID: 0}
  m_NavMeshLayer: 0
  m_StaticEditorFlags: 0
  m_IsActive: 1
--- !u!4 &7308398595025324223
Transform:
  m_ObjectHideFlags: 0
  m_CorrespondingSourceObject: {fileID: 0}
  m_PrefabInstance: {fileID: 0}
  m_PrefabAsset: {fileID: 0}
  m_GameObject: {fileID: 5751331953471179859}
  serializedVersion: 2
  m_LocalRotation: {x: -0.016528679, y: -0.000014932383, z: -0.020387083, w: 0.99965554}
  m_LocalPosition: {x: -0.0000000011635856, y: 0.40636832, z: -2.7065994e-10}
  m_LocalScale: {x: 1, y: 1, z: 1}
  m_ConstrainProportionsScale: 0
  m_Children:
  - {fileID: 2520430730453867957}
  m_Father: {fileID: 3443647827399894833}
  m_LocalEulerAnglesHint: {x: 0, y: 0, z: 0}
--- !u!1 &5821759946066636606
GameObject:
  m_ObjectHideFlags: 0
  m_CorrespondingSourceObject: {fileID: 0}
  m_PrefabInstance: {fileID: 0}
  m_PrefabAsset: {fileID: 0}
  serializedVersion: 6
  m_Component:
  - component: {fileID: 4917649053266354300}
  m_Layer: 0
  m_Name: LeftToe_End
  m_TagString: Untagged
  m_Icon: {fileID: 0}
  m_NavMeshLayer: 0
  m_StaticEditorFlags: 0
  m_IsActive: 1
--- !u!4 &4917649053266354300
Transform:
  m_ObjectHideFlags: 0
  m_CorrespondingSourceObject: {fileID: 0}
  m_PrefabInstance: {fileID: 0}
  m_PrefabAsset: {fileID: 0}
  m_GameObject: {fileID: 5821759946066636606}
  serializedVersion: 2
  m_LocalRotation: {x: 0, y: -0, z: -0, w: 1}
  m_LocalPosition: {x: 2.9326322e-10, y: 0.0697092, z: -1.2211786e-10}
  m_LocalScale: {x: 1, y: 1, z: 1}
  m_ConstrainProportionsScale: 0
  m_Children: []
  m_Father: {fileID: 5007477573798644395}
  m_LocalEulerAnglesHint: {x: 0, y: 0, z: 0}
--- !u!1 &5890566214657148151
GameObject:
  m_ObjectHideFlags: 0
  m_CorrespondingSourceObject: {fileID: 0}
  m_PrefabInstance: {fileID: 0}
  m_PrefabAsset: {fileID: 0}
  serializedVersion: 6
  m_Component:
  - component: {fileID: 7353239773421186086}
  m_Layer: 0
  m_Name: RightHandPinky4
  m_TagString: Untagged
  m_Icon: {fileID: 0}
  m_NavMeshLayer: 0
  m_StaticEditorFlags: 0
  m_IsActive: 1
--- !u!4 &7353239773421186086
Transform:
  m_ObjectHideFlags: 0
  m_CorrespondingSourceObject: {fileID: 0}
  m_PrefabInstance: {fileID: 0}
  m_PrefabAsset: {fileID: 0}
  m_GameObject: {fileID: 5890566214657148151}
  serializedVersion: 2
  m_LocalRotation: {x: 0.0000006853555, y: 0.000000092840345, z: -0.00000004094356, w: 1}
  m_LocalPosition: {x: -0.000347888, y: 0.017504172, z: 0.00000023003223}
  m_LocalScale: {x: 1, y: 1, z: 1}
  m_ConstrainProportionsScale: 0
  m_Children: []
  m_Father: {fileID: 3588561935589214635}
  m_LocalEulerAnglesHint: {x: 0, y: 0, z: 0}
--- !u!1 &6103054549920484167
GameObject:
  m_ObjectHideFlags: 0
  m_CorrespondingSourceObject: {fileID: 0}
  m_PrefabInstance: {fileID: 0}
  m_PrefabAsset: {fileID: 0}
  serializedVersion: 6
  m_Component:
  - component: {fileID: 5007477573798644395}
  m_Layer: 0
  m_Name: LeftToeBase
  m_TagString: Untagged
  m_Icon: {fileID: 0}
  m_NavMeshLayer: 0
  m_StaticEditorFlags: 0
  m_IsActive: 1
--- !u!4 &5007477573798644395
Transform:
  m_ObjectHideFlags: 0
  m_CorrespondingSourceObject: {fileID: 0}
  m_PrefabInstance: {fileID: 0}
  m_PrefabAsset: {fileID: 0}
  m_GameObject: {fileID: 6103054549920484167}
  serializedVersion: 2
  m_LocalRotation: {x: 0.3319634, y: 0.0145118, z: -0.00510768, w: 0.9431668}
  m_LocalPosition: {x: -0.000000002576618, y: 0.17030805, z: 0.000000006945734}
  m_LocalScale: {x: 1, y: 1, z: 1}
  m_ConstrainProportionsScale: 0
  m_Children:
  - {fileID: 4917649053266354300}
  m_Father: {fileID: 7955312791496989722}
  m_LocalEulerAnglesHint: {x: 0, y: 0, z: 0}
--- !u!1 &6136246237775798301
GameObject:
  m_ObjectHideFlags: 0
  m_CorrespondingSourceObject: {fileID: 0}
  m_PrefabInstance: {fileID: 0}
  m_PrefabAsset: {fileID: 0}
  serializedVersion: 6
  m_Component:
  - component: {fileID: 8733846563663581063}
  m_Layer: 0
  m_Name: MainCharacterSkillet
  m_TagString: Untagged
  m_Icon: {fileID: 0}
  m_NavMeshLayer: 0
  m_StaticEditorFlags: 0
  m_IsActive: 1
--- !u!4 &8733846563663581063
Transform:
  m_ObjectHideFlags: 0
  m_CorrespondingSourceObject: {fileID: 0}
  m_PrefabInstance: {fileID: 0}
  m_PrefabAsset: {fileID: 0}
  m_GameObject: {fileID: 6136246237775798301}
  serializedVersion: 2
  m_LocalRotation: {x: 0, y: -0, z: -0, w: 1}
  m_LocalPosition: {x: -0, y: 0, z: 0}
  m_LocalScale: {x: 1, y: 1, z: 1}
  m_ConstrainProportionsScale: 0
  m_Children:
  - {fileID: 4360614727476486365}
  m_Father: {fileID: 4954679224173168602}
  m_LocalEulerAnglesHint: {x: 0, y: 0, z: 0}
--- !u!1 &6365654890537497421
GameObject:
  m_ObjectHideFlags: 0
  m_CorrespondingSourceObject: {fileID: 0}
  m_PrefabInstance: {fileID: 0}
  m_PrefabAsset: {fileID: 0}
  serializedVersion: 6
  m_Component:
  - component: {fileID: 7955312791496989722}
  m_Layer: 0
  m_Name: LeftFoot
  m_TagString: Untagged
  m_Icon: {fileID: 0}
  m_NavMeshLayer: 0
  m_StaticEditorFlags: 0
  m_IsActive: 1
--- !u!4 &7955312791496989722
Transform:
  m_ObjectHideFlags: 0
  m_CorrespondingSourceObject: {fileID: 0}
  m_PrefabInstance: {fileID: 0}
  m_PrefabAsset: {fileID: 0}
  m_GameObject: {fileID: 6365654890537497421}
  serializedVersion: 2
  m_LocalRotation: {x: 0.43908226, y: 0.029478773, z: -0.02731269, w: 0.89754766}
  m_LocalPosition: {x: 7.677243e-10, y: 0.4415074, z: 0.0000000067771606}
  m_LocalScale: {x: 1, y: 1, z: 1}
  m_ConstrainProportionsScale: 0
  m_Children:
  - {fileID: 5007477573798644395}
  m_Father: {fileID: 2632205819398979986}
  m_LocalEulerAnglesHint: {x: 0, y: 0, z: 0}
--- !u!1 &6451954591491926654
GameObject:
  m_ObjectHideFlags: 0
  m_CorrespondingSourceObject: {fileID: 0}
  m_PrefabInstance: {fileID: 0}
  m_PrefabAsset: {fileID: 0}
  serializedVersion: 6
  m_Component:
  - component: {fileID: 3486201247160050936}
  m_Layer: 0
  m_Name: LeftHandIndex3
  m_TagString: Untagged
  m_Icon: {fileID: 0}
  m_NavMeshLayer: 0
  m_StaticEditorFlags: 0
  m_IsActive: 1
--- !u!4 &3486201247160050936
Transform:
  m_ObjectHideFlags: 0
  m_CorrespondingSourceObject: {fileID: 0}
  m_PrefabInstance: {fileID: 0}
  m_PrefabAsset: {fileID: 0}
  m_GameObject: {fileID: 6451954591491926654}
  serializedVersion: 2
  m_LocalRotation: {x: 0.30473116, y: 0.00047493167, z: -0.0015765297, w: 0.95243704}
  m_LocalPosition: {x: -0.00008365314, y: 0.026217975, z: -0.00000046877295}
  m_LocalScale: {x: 1, y: 1, z: 1}
  m_ConstrainProportionsScale: 0
  m_Children:
  - {fileID: 2604194134647295196}
  m_Father: {fileID: 2659682286190749001}
  m_LocalEulerAnglesHint: {x: 0, y: 0, z: 0}
--- !u!1 &6527026925639165700
GameObject:
  m_ObjectHideFlags: 0
  m_CorrespondingSourceObject: {fileID: 0}
  m_PrefabInstance: {fileID: 0}
  m_PrefabAsset: {fileID: 0}
  serializedVersion: 6
  m_Component:
  - component: {fileID: 5681466662770454600}
  m_Layer: 0
  m_Name: RightToeBase
  m_TagString: Untagged
  m_Icon: {fileID: 0}
  m_NavMeshLayer: 0
  m_StaticEditorFlags: 0
  m_IsActive: 1
--- !u!4 &5681466662770454600
Transform:
  m_ObjectHideFlags: 0
  m_CorrespondingSourceObject: {fileID: 0}
  m_PrefabInstance: {fileID: 0}
  m_PrefabAsset: {fileID: 0}
  m_GameObject: {fileID: 6527026925639165700}
  serializedVersion: 2
  m_LocalRotation: {x: 0.3361552, y: -0.010879996, z: 0.0038836468, w: 0.94173574}
  m_LocalPosition: {x: -0.0000000010026642, y: 0.16878287, z: -0.00000001400063}
  m_LocalScale: {x: 1, y: 1, z: 1}
  m_ConstrainProportionsScale: 0
  m_Children:
  - {fileID: 4108665285673919575}
  m_Father: {fileID: 2520430730453867957}
  m_LocalEulerAnglesHint: {x: 0, y: 0, z: 0}
--- !u!1 &6677775107197536433
GameObject:
  m_ObjectHideFlags: 0
  m_CorrespondingSourceObject: {fileID: 0}
  m_PrefabInstance: {fileID: 0}
  m_PrefabAsset: {fileID: 0}
  serializedVersion: 6
  m_Component:
  - component: {fileID: 2774610846318377453}
  m_Layer: 0
  m_Name: RightHandIndex1
  m_TagString: Untagged
  m_Icon: {fileID: 0}
  m_NavMeshLayer: 0
  m_StaticEditorFlags: 0
  m_IsActive: 1
--- !u!4 &2774610846318377453
Transform:
  m_ObjectHideFlags: 0
  m_CorrespondingSourceObject: {fileID: 0}
  m_PrefabInstance: {fileID: 0}
  m_PrefabAsset: {fileID: 0}
  m_GameObject: {fileID: 6677775107197536433}
  serializedVersion: 2
  m_LocalRotation: {x: 0.080186024, y: 0.21203643, z: 0.16548513, w: 0.9598049}
  m_LocalPosition: {x: -0.039186083, y: 0.09647417, z: -0.0018386767}
  m_LocalScale: {x: 1, y: 1, z: 1}
  m_ConstrainProportionsScale: 0
  m_Children:
  - {fileID: 7668584286439250870}
  m_Father: {fileID: 5959036853335137123}
  m_LocalEulerAnglesHint: {x: 0, y: 0, z: 0}
--- !u!1 &6766425908920809438
GameObject:
  m_ObjectHideFlags: 0
  m_CorrespondingSourceObject: {fileID: 0}
  m_PrefabInstance: {fileID: 0}
  m_PrefabAsset: {fileID: 0}
  serializedVersion: 6
  m_Component:
  - component: {fileID: 3443647827399894833}
  m_Layer: 0
  m_Name: RightUpLeg
  m_TagString: Untagged
  m_Icon: {fileID: 0}
  m_NavMeshLayer: 0
  m_StaticEditorFlags: 0
  m_IsActive: 1
--- !u!4 &3443647827399894833
Transform:
  m_ObjectHideFlags: 0
  m_CorrespondingSourceObject: {fileID: 0}
  m_PrefabInstance: {fileID: 0}
  m_PrefabAsset: {fileID: 0}
  m_GameObject: {fileID: 6766425908920809438}
  serializedVersion: 2
  m_LocalRotation: {x: -0.00067503727, y: -0.008328159, z: 0.9999088, w: -0.010614885}
  m_LocalPosition: {x: 0.06800782, y: -0.050893568, z: 0.013157195}
  m_LocalScale: {x: 1, y: 1, z: 1}
  m_ConstrainProportionsScale: 0
  m_Children:
  - {fileID: 7308398595025324223}
  m_Father: {fileID: 4360614727476486365}
  m_LocalEulerAnglesHint: {x: 0, y: 0, z: 0}
--- !u!1 &6806173383164015435
GameObject:
  m_ObjectHideFlags: 0
  m_CorrespondingSourceObject: {fileID: 0}
  m_PrefabInstance: {fileID: 0}
  m_PrefabAsset: {fileID: 0}
  serializedVersion: 6
  m_Component:
  - component: {fileID: 2604194134647295196}
  m_Layer: 0
  m_Name: LeftHandIndex4
  m_TagString: Untagged
  m_Icon: {fileID: 0}
  m_NavMeshLayer: 0
  m_StaticEditorFlags: 0
  m_IsActive: 1
--- !u!4 &2604194134647295196
Transform:
  m_ObjectHideFlags: 0
  m_CorrespondingSourceObject: {fileID: 0}
  m_PrefabInstance: {fileID: 0}
  m_PrefabAsset: {fileID: 0}
  m_GameObject: {fileID: 6806173383164015435}
  serializedVersion: 2
  m_LocalRotation: {x: 0.00000011760424, y: 0.00000018088129, z: -0.00000006929435, w: 1}
  m_LocalPosition: {x: -0.0000031189747, y: 0.022616118, z: 0.00000036177872}
  m_LocalScale: {x: 1, y: 1, z: 1}
  m_ConstrainProportionsScale: 0
  m_Children: []
  m_Father: {fileID: 3486201247160050936}
  m_LocalEulerAnglesHint: {x: 0, y: 0, z: 0}
--- !u!1 &7293832741341663216
GameObject:
  m_ObjectHideFlags: 0
  m_CorrespondingSourceObject: {fileID: 0}
  m_PrefabInstance: {fileID: 0}
  m_PrefabAsset: {fileID: 0}
  serializedVersion: 6
  m_Component:
  - component: {fileID: 9042159692804240577}
  m_Layer: 0
  m_Name: Spine1
  m_TagString: Untagged
  m_Icon: {fileID: 0}
  m_NavMeshLayer: 0
  m_StaticEditorFlags: 0
  m_IsActive: 1
--- !u!4 &9042159692804240577
Transform:
  m_ObjectHideFlags: 0
  m_CorrespondingSourceObject: {fileID: 0}
  m_PrefabInstance: {fileID: 0}
  m_PrefabAsset: {fileID: 0}
  m_GameObject: {fileID: 7293832741341663216}
  serializedVersion: 2
  m_LocalRotation: {x: 1.637156e-18, y: -1.7871178e-13, z: 6.5967907e-13, w: 1}
  m_LocalPosition: {x: -1.0004948e-13, y: 0.10931847, z: 2.8612984e-10}
  m_LocalScale: {x: 1, y: 1, z: 1}
  m_ConstrainProportionsScale: 0
  m_Children:
  - {fileID: 8013983777836799826}
  m_Father: {fileID: 7812038685893418509}
  m_LocalEulerAnglesHint: {x: 0, y: 0, z: 0}
--- !u!1 &7590969705338580846
GameObject:
  m_ObjectHideFlags: 0
  m_CorrespondingSourceObject: {fileID: 0}
  m_PrefabInstance: {fileID: 0}
  m_PrefabAsset: {fileID: 0}
  serializedVersion: 6
  m_Component:
  - component: {fileID: 8013983777836799826}
  m_Layer: 0
  m_Name: Spine2
  m_TagString: Untagged
  m_Icon: {fileID: 0}
  m_NavMeshLayer: 0
  m_StaticEditorFlags: 0
  m_IsActive: 1
--- !u!4 &8013983777836799826
Transform:
  m_ObjectHideFlags: 0
  m_CorrespondingSourceObject: {fileID: 0}
  m_PrefabInstance: {fileID: 0}
  m_PrefabAsset: {fileID: 0}
  m_GameObject: {fileID: 7590969705338580846}
  serializedVersion: 2
  m_LocalRotation: {x: 2.6847343e-37, y: -4.5972592e-20, z: 5.8398583e-18, w: 1}
  m_LocalPosition: {x: 2.9702315e-14, y: 0.12493537, z: 0.000000014790274}
  m_LocalScale: {x: 1, y: 1, z: 1}
  m_ConstrainProportionsScale: 0
  m_Children:
  - {fileID: 1890824704691705119}
  - {fileID: 6559423718537981334}
  - {fileID: 8731506909075588093}
  m_Father: {fileID: 9042159692804240577}
  m_LocalEulerAnglesHint: {x: 0, y: 0, z: 0}
--- !u!1 &7614104462780204298
GameObject:
  m_ObjectHideFlags: 0
  m_CorrespondingSourceObject: {fileID: 0}
  m_PrefabInstance: {fileID: 0}
  m_PrefabAsset: {fileID: 0}
  serializedVersion: 6
  m_Component:
  - component: {fileID: 151598138640334091}
  m_Layer: 0
  m_Name: LeftForeArm
  m_TagString: Untagged
  m_Icon: {fileID: 0}
  m_NavMeshLayer: 0
  m_StaticEditorFlags: 0
  m_IsActive: 1
--- !u!4 &151598138640334091
Transform:
  m_ObjectHideFlags: 0
  m_CorrespondingSourceObject: {fileID: 0}
  m_PrefabInstance: {fileID: 0}
  m_PrefabAsset: {fileID: 0}
  m_GameObject: {fileID: 7614104462780204298}
  serializedVersion: 2
  m_LocalRotation: {x: 0.09787853, y: 0.045342494, z: -0.36345148, w: 0.9253469}
  m_LocalPosition: {x: 0.0000026100258, y: 0.22867444, z: 0.0000004618465}
  m_LocalScale: {x: 1, y: 1, z: 1}
  m_ConstrainProportionsScale: 0
  m_Children:
  - {fileID: 7660523496794104303}
  m_Father: {fileID: 696981165937608426}
  m_LocalEulerAnglesHint: {x: 0, y: 0, z: 0}
--- !u!1 &7695376951983622428
GameObject:
  m_ObjectHideFlags: 0
  m_CorrespondingSourceObject: {fileID: 0}
  m_PrefabInstance: {fileID: 0}
  m_PrefabAsset: {fileID: 0}
  serializedVersion: 6
  m_Component:
  - component: {fileID: 4360614727476486365}
  m_Layer: 0
  m_Name: Hips
  m_TagString: Untagged
  m_Icon: {fileID: 0}
  m_NavMeshLayer: 0
  m_StaticEditorFlags: 0
  m_IsActive: 1
--- !u!4 &4360614727476486365
Transform:
  m_ObjectHideFlags: 0
  m_CorrespondingSourceObject: {fileID: 0}
  m_PrefabInstance: {fileID: 0}
  m_PrefabAsset: {fileID: 0}
  m_GameObject: {fileID: 7695376951983622428}
  serializedVersion: 2
  m_LocalRotation: {x: 0.00000008423008, y: -0.00000013497929, z: -0.0000038087164, w: 1}
  m_LocalPosition: {x: 0.0000012683868, y: 1.026286, z: -0.010080658}
  m_LocalScale: {x: 1, y: 1, z: 1}
  m_ConstrainProportionsScale: 0
  m_Children:
  - {fileID: 5009248609237772596}
  - {fileID: 3443647827399894833}
  - {fileID: 7812038685893418509}
  m_Father: {fileID: 8733846563663581063}
  m_LocalEulerAnglesHint: {x: 0, y: 0, z: 0}
--- !u!1 &7805535499322366980
GameObject:
  m_ObjectHideFlags: 0
  m_CorrespondingSourceObject: {fileID: 0}
  m_PrefabInstance: {fileID: 0}
  m_PrefabAsset: {fileID: 0}
  serializedVersion: 6
  m_Component:
  - component: {fileID: 7309842256154742419}
  m_Layer: 0
  m_Name: LeftHandMiddle1
  m_TagString: Untagged
  m_Icon: {fileID: 0}
  m_NavMeshLayer: 0
  m_StaticEditorFlags: 0
  m_IsActive: 1
--- !u!4 &7309842256154742419
Transform:
  m_ObjectHideFlags: 0
  m_CorrespondingSourceObject: {fileID: 0}
  m_PrefabInstance: {fileID: 0}
  m_PrefabAsset: {fileID: 0}
  m_GameObject: {fileID: 7805535499322366980}
  serializedVersion: 2
  m_LocalRotation: {x: 0.21574894, y: 0.04528553, z: -0.0079826955, w: 0.9753656}
  m_LocalPosition: {x: 0.011939464, y: 0.10080528, z: -0.004198692}
  m_LocalScale: {x: 1, y: 1, z: 1}
  m_ConstrainProportionsScale: 0
  m_Children:
  - {fileID: 3575434542001222835}
  m_Father: {fileID: 7660523496794104303}
  m_LocalEulerAnglesHint: {x: 0, y: 0, z: 0}
--- !u!1 &8032824639862071225
GameObject:
  m_ObjectHideFlags: 0
  m_CorrespondingSourceObject: {fileID: 0}
  m_PrefabInstance: {fileID: 0}
  m_PrefabAsset: {fileID: 0}
  serializedVersion: 6
  m_Component:
  - component: {fileID: 2936339617840472810}
  m_Layer: 0
  m_Name: RightHandThumb4
  m_TagString: Untagged
  m_Icon: {fileID: 0}
  m_NavMeshLayer: 0
  m_StaticEditorFlags: 0
  m_IsActive: 1
--- !u!4 &2936339617840472810
Transform:
  m_ObjectHideFlags: 0
  m_CorrespondingSourceObject: {fileID: 0}
  m_PrefabInstance: {fileID: 0}
  m_PrefabAsset: {fileID: 0}
  m_GameObject: {fileID: 8032824639862071225}
  serializedVersion: 2
  m_LocalRotation: {x: -0.00000024057266, y: 0.00000044998671, z: -0.0000001186875, w: 1}
  m_LocalPosition: {x: 0.0027611547, y: 0.028862506, z: -0.00000015924454}
  m_LocalScale: {x: 1, y: 1, z: 1}
  m_ConstrainProportionsScale: 0
  m_Children: []
  m_Father: {fileID: 5780145094007422347}
  m_LocalEulerAnglesHint: {x: 0, y: 0, z: 0}
--- !u!1 &8397169917580360453
GameObject:
  m_ObjectHideFlags: 0
  m_CorrespondingSourceObject: {fileID: 0}
  m_PrefabInstance: {fileID: 0}
  m_PrefabAsset: {fileID: 0}
  serializedVersion: 6
  m_Component:
  - component: {fileID: 5002694382756446927}
  m_Layer: 0
  m_Name: LeftHandPinky3
  m_TagString: Untagged
  m_Icon: {fileID: 0}
  m_NavMeshLayer: 0
  m_StaticEditorFlags: 0
  m_IsActive: 1
--- !u!4 &5002694382756446927
Transform:
  m_ObjectHideFlags: 0
  m_CorrespondingSourceObject: {fileID: 0}
  m_PrefabInstance: {fileID: 0}
  m_PrefabAsset: {fileID: 0}
  m_GameObject: {fileID: 8397169917580360453}
  serializedVersion: 2
  m_LocalRotation: {x: 0.40655553, y: -0.0013007133, z: 0.026869494, w: 0.91323}
  m_LocalPosition: {x: -0.00015734058, y: 0.024257302, z: -0.00000002167505}
  m_LocalScale: {x: 1, y: 1, z: 1}
  m_ConstrainProportionsScale: 0
  m_Children:
  - {fileID: 4004242857068846510}
  m_Father: {fileID: 7970669177491054739}
  m_LocalEulerAnglesHint: {x: 0, y: 0, z: 0}
--- !u!1 &8664644617619283168
GameObject:
  m_ObjectHideFlags: 0
  m_CorrespondingSourceObject: {fileID: 0}
  m_PrefabInstance: {fileID: 0}
  m_PrefabAsset: {fileID: 0}
  serializedVersion: 6
  m_Component:
  - component: {fileID: 3575434542001222835}
  m_Layer: 0
  m_Name: LeftHandMiddle2
  m_TagString: Untagged
  m_Icon: {fileID: 0}
  m_NavMeshLayer: 0
  m_StaticEditorFlags: 0
  m_IsActive: 1
--- !u!4 &3575434542001222835
Transform:
  m_ObjectHideFlags: 0
  m_CorrespondingSourceObject: {fileID: 0}
  m_PrefabInstance: {fileID: 0}
  m_PrefabAsset: {fileID: 0}
  m_GameObject: {fileID: 8664644617619283168}
  serializedVersion: 2
  m_LocalRotation: {x: 0.43826756, y: -0.00013755175, z: 0.004646051, w: 0.89883256}
  m_LocalPosition: {x: -0.00012508692, y: 0.03176123, z: -0.00000015345982}
  m_LocalScale: {x: 1, y: 1, z: 1}
  m_ConstrainProportionsScale: 0
  m_Children:
  - {fileID: 5559771857589056374}
  m_Father: {fileID: 7309842256154742419}
  m_LocalEulerAnglesHint: {x: 0, y: 0, z: 0}
--- !u!1 &8679163099427086312
GameObject:
  m_ObjectHideFlags: 0
  m_CorrespondingSourceObject: {fileID: 0}
  m_PrefabInstance: {fileID: 0}
  m_PrefabAsset: {fileID: 0}
  serializedVersion: 6
  m_Component:
  - component: {fileID: 7180398048728153658}
  m_Layer: 0
  m_Name: RightHandRing3
  m_TagString: Untagged
  m_Icon: {fileID: 0}
  m_NavMeshLayer: 0
  m_StaticEditorFlags: 0
  m_IsActive: 1
--- !u!4 &7180398048728153658
Transform:
  m_ObjectHideFlags: 0
  m_CorrespondingSourceObject: {fileID: 0}
  m_PrefabInstance: {fileID: 0}
  m_PrefabAsset: {fileID: 0}
  m_GameObject: {fileID: 8679163099427086312}
  serializedVersion: 2
  m_LocalRotation: {x: 0.21598399, y: -0.00008978325, z: -0.0032372428, w: 0.97639155}
  m_LocalPosition: {x: 0.000021573265, y: 0.028020393, z: -0.00000028253052}
  m_LocalScale: {x: 1, y: 1, z: 1}
  m_ConstrainProportionsScale: 0
  m_Children:
  - {fileID: 3292817407943470302}
  m_Father: {fileID: 420779541300875341}
  m_LocalEulerAnglesHint: {x: 0, y: 0, z: 0}
--- !u!1 &8739327816889615477
GameObject:
  m_ObjectHideFlags: 0
  m_CorrespondingSourceObject: {fileID: 0}
  m_PrefabInstance: {fileID: 0}
  m_PrefabAsset: {fileID: 0}
  serializedVersion: 6
  m_Component:
  - component: {fileID: 6172048315407988956}
  m_Layer: 0
  m_Name: LeftHandThumb3
  m_TagString: Untagged
  m_Icon: {fileID: 0}
  m_NavMeshLayer: 0
  m_StaticEditorFlags: 0
  m_IsActive: 1
--- !u!4 &6172048315407988956
Transform:
  m_ObjectHideFlags: 0
  m_CorrespondingSourceObject: {fileID: 0}
  m_PrefabInstance: {fileID: 0}
  m_PrefabAsset: {fileID: 0}
  m_GameObject: {fileID: 8739327816889615477}
  serializedVersion: 2
  m_LocalRotation: {x: -0.00061524584, y: 0.0080739865, z: -0.10338641, w: 0.99460834}
  m_LocalPosition: {x: 0.0008983254, y: 0.03256566, z: -0.000000122632}
  m_LocalScale: {x: 1, y: 1, z: 1}
  m_ConstrainProportionsScale: 0
  m_Children:
  - {fileID: 4440481253092649819}
  m_Father: {fileID: 3731932754830984528}
  m_LocalEulerAnglesHint: {x: 0, y: 0, z: 0}
--- !u!1 &8873630125066822824
GameObject:
  m_ObjectHideFlags: 0
  m_CorrespondingSourceObject: {fileID: 0}
  m_PrefabInstance: {fileID: 0}
  m_PrefabAsset: {fileID: 0}
  serializedVersion: 6
  m_Component:
  - component: {fileID: 957792936773097437}
  m_Layer: 0
  m_Name: LeftHandPinky1
  m_TagString: Untagged
  m_Icon: {fileID: 0}
  m_NavMeshLayer: 0
  m_StaticEditorFlags: 0
  m_IsActive: 1
--- !u!4 &957792936773097437
Transform:
  m_ObjectHideFlags: 0
  m_CorrespondingSourceObject: {fileID: 0}
  m_PrefabInstance: {fileID: 0}
  m_PrefabAsset: {fileID: 0}
  m_GameObject: {fileID: 8873630125066822824}
  serializedVersion: 2
  m_LocalRotation: {x: 0.39240927, y: 0.1962361, z: -0.056261677, w: 0.89685065}
  m_LocalPosition: {x: -0.03716981, y: 0.09021576, z: -0.0015485646}
  m_LocalScale: {x: 1, y: 1, z: 1}
  m_ConstrainProportionsScale: 0
  m_Children:
  - {fileID: 7970669177491054739}
  m_Father: {fileID: 7660523496794104303}
  m_LocalEulerAnglesHint: {x: 0, y: 0, z: 0}
